 Dungeon Crawl Stone Soup version 0.24.1-14-gf8d2b509d9 (webtiles) character file.

Game seed: 4935108224858799977, levelgen mode: deterministic

12251630 Bowmetheus the Sniper (level 27, 298/298 HPs)
             Began as a Minotaur Berserker on Mar 11, 2024.
             Was the Champion of the Shining One.
             Escaped with the Orb
             ... and 15 runes on Mar 25, 2024!
             The game lasted 14:18:31 (133559 turns).

Bowmetheus the Sniper (Minotaur Berserker)        Turns: 133559, Time: 14:18:32

Health: 298/298    AC: 49    Str: 35    XL:     27
Magic:  54/54      EV: 25    Int: 14    God:    the Shining One [******]
Gold:   6066       SH:  0    Dex: 17    Spells: 26/65 levels left

rFire    + + +     SeeInvis +   a - +9 triple crossbow (freeze)
rCold    + . .     Gourm    .   (shield currently unavailable)
rNeg     + + +     Faith    +   C - +12 gold dragon scales
rPois    +         Spirit   .   h - +0 hat of the Unbroken {rElec rF+ Regen+ SInv}
rElec    +         Reflect  .   v - +0 cloak of Inohuf Wub {rPois Str+5 Stlth+}
rCorr    .         Harm     .   g - +2 pair of gloves {archery}
MR       ++...                  B - +2 pair of boots {run}
Stlth    ..........             J - amulet of faith
HPRegen  0.99/turn              S - ring "Husau" {MP+9 Int+7 Dex+4}
MPRegen  0.34/turn              L - ring "Buss" {Wiz rF+ Str+3}

@: glowing, quick
A: retaliatory headbutt, horns 2, dopey 1, robust 1, wild magic 2
0: Orb of Zot
}: 15/15 runes: serpentine, barnacled, slimy, silver, golden, iron, obsidian,
icy, bone, abyssal, demonic, glowing, magical, fiery, dark
a: Divine Shield, Cleansing Flame, Summon Divine Warrior, Renounce Religion


You escaped.
You worshipped the Shining One.
The Shining One was exalted by your worship.
You were very full.

You visited 18 branches of the dungeon, and saw 90 of its levels.
You visited Pandemonium 13 times, and saw 20 of its levels.
You visited the Abyss 9 times.
You visited 1 bazaar.
You also visited: Ossuary, Gauntlet and Volcano.

You collected 18026 gold pieces.
You spent 7408 gold pieces at shops.
You donated 4552 gold pieces to Zin.

Inventory:

Hand Weapons
 a - a +9 triple crossbow of freezing (weapon)
 b - a +9 executioner's axe of freezing
 f - the +10 hand crossbow "Dutiwisk" {penet, rF+ MR++}
   (You found it on level 3 of the Elven Halls)

   Ammo fired by it will pass through the targets it hits, potentially hitting
   all targets in its path until it reaches maximum range.
   It protects you from fire.
   It affects your resistance to hostile enchantments.
 r - a +9 triple crossbow of holy wrath
 s - the +7 great mace "Firestarter" {inner flame, rF++}
   (You took it off a fire giant on level 1 of Gehenna)

   It has been specially enchanted to burn those struck by it, causing extra
   injury to most foes and up to half again as much damage against particularly
   susceptible opponents.
   It greatly protects you from fire.
 w - the +9 executioner's axe of Ohuaf {holy, rElec MP+9 Str+4 Int-4}
   (You found it on level 3 of the Depths)

   It has been blessed by the Shining One to cause great damage to the undead
   and demons.
   It affects your strength (+4).
   It affects your intelligence (-4).
   It insulates you from electricity.
   It affects your magic capacity (+9).
Missiles
 j - 1705 bolts (quivered)
 n - 40 throwing nets
 P - 27 curare-tipped darts
Armour
 c - the +9 ice dragon scales "Picagocu" {rF- rC++ Str+2 Dex+3}
   (You found it on level 12 of the Dungeon)

   It affects your strength (+2).
   It affects your dexterity (+3).
   It makes you vulnerable to fire.
   It greatly protects you from cold.
 g - a +2 pair of gloves of archery (worn)
 h - the +0 hat of the Unbroken (worn) {rElec rF+ Regen+ SInv}
   (You found it on level 2 of the Snake Pit)

   It protects you from fire.
   It insulates you from electricity.
   It lets you see invisible.
   It increases your rate of regeneration.
 v - the +0 cloak of Inohuf Wub (worn) {rPois Str+5 Stlth+}
   (You acquired it on level 13 of the Dungeon)

   It affects your strength (+5).
   It protects you from poison.
   It makes you more stealthy.
 B - a +2 pair of boots of running (worn)
 C - +12 gold dragon scales (worn)
 M - the +2 faerie dragon scales {rPois rC+ rCorr Dex+2}
   (You took it off the Enchantress on level 4 of the Depths)

   It affects your dexterity (+2).
   It protects you from cold.
   It protects you from poison.
   It provides partial protection from all sources of acid and corrosion.
Jewellery
 J - an amulet of faith (around neck)
 L - the ring "Buss" (right hand) {Wiz rF+ Str+3}
   (You bought it in a shop in a bazaar)

   [ring of wizardry]

   It improves your spell success rate.
   It affects your strength (+3).
   It protects you from fire.
 R - the ring "Wujok" {-Tele +Inv rF+ MR+ Int+7}
   (You found it in Pandemonium)

   [ring of protection from fire]

   It affects your intelligence (+7).
   It protects you from fire.
   It affects your resistance to hostile enchantments.
   It lets you turn invisible.
   It prevents most forms of teleportation.
 S - the ring "Husau" (left hand) {MP+9 Int+7 Dex+4}
   (You took it off a yaktaur on level 5 of the Vaults)

   [ring of magical power]

   It affects your intelligence (+7).
   It affects your dexterity (+4).
   It affects your magic capacity (+9).
Wands
 d - a wand of digging (27)
 i - a wand of acid (27)
 p - a wand of enslavement (40)
 q - a wand of paralysis (62)
 G - a wand of iceblast (59)
 V - a wand of flame (179)
Scrolls
 e - 11 scrolls of fear
 k - 14 scrolls of fog
 o - 12 scrolls of identify
 Q - 7 scrolls of holy word
 T - 34 scrolls of teleportation
 U - 33 scrolls of remove curse
 X - 9 scrolls of magic mapping
 Z - 10 scrolls of blinking
Potions
 m - 11 potions of brilliance
 t - 10 potions of might
 u - 27 potions of curing
 y - 8 potions of agility
 z - 2 potions of haste
 D - 20 potions of lignification
 E - 4 potions of resistance
 F - 11 potions of flight
 H - 11 potions of heal wounds
 K - 4 potions of cancellation
 O - 7 potions of magic
 W - 8 potions of mutation
Miscellaneous
 l - 2 boxes of beasts
 A - a figurine of a ziggurat
 I - a lamp of fire
 N - a lightning rod (4/4)
Comestibles
 x - 74 rations


   Skills:
 - Level 26.8 Fighting
 - Level 26.8(26.9) Axes
 - Level 6.0(19.2) Maces & Flails
 - Level 26.9 Crossbows
 - Level 26.8 Armour
 - Level 26.8 Dodging
 + Level 19.9 Spellcasting
 - Level 14.2 Hexes
 - Level 4.2 Charms
 - Level 14.2 Summonings
 - Level 7.7 Translocations
 - Level 7.7 Air Magic
 - Level 26.9 Invocations
 - Level 9.9 Evocations


You had 26 spell levels left.
You knew the following spells:

 Your Spells              Type           Power        Failure   Level  Hunger
a - Apportation           Tloc           ######       1%          1    None
b - Blink                 Tloc           N/A          1%          2    None
c - Corona                Hex            ######.      1%          1    None
d - Summon Lightning Spi  Summ/Air       ######..     2%          4    None
f - Portal Projectile     Hex/Tloc       ######       1%          3    None
g - Summon Butterflies    Summ           ######..     1%          1    None
j - Call Canine Familiar  Summ           ######..     1%          3    None
q - Confuse               Hex            ######..     1%          3    None
s - Song of Slaying       Chrm           #####...     4%          2    None
v - Summon Mana Viper     Hex/Summ       ######..     1%          5    ####...
A - Aura of Abjuration    Summ           ######....   1%          5    ####...
C - Inner Flame           Hex/Fire       ######..     3%          3    None
J - Infusion              Chrm           ####         3%          1    None
T - Tukima's Dance        Hex            ######..     1%          3    None
V - Shroud of Golubria    Chrm/Tloc      #####.       2%          2    None

Your spell library contained the following spells:

 Spells                   Type           Power        Failure   Level  Hunger
 Confusing Touch          Hex            ######       1%          1    None
 Summon Small Mammal      Summ           ####         1%          1    None
 Call Imp                 Summ           ######..     1%          2    None
 Ensorcelled Hibernation  Hex/Ice        ######       1%          2    None
 Slow                     Hex            ######..     1%          2    None
 Recall                   Summ/Tloc      N/A          1%          3    None
 Spectral Weapon          Hex/Chrm       ######..     1%          3    None
 Summon Guardian Golem    Hex/Summ       ######..     1%          3    None
 Cause Fear               Hex            ######....   1%          4    None
 Summon Demon             Summ           ######....   1%          5    ####...
 Swiftness                Chrm/Air       #####...     2%          2    None
 Gell's Gravitas          Tloc           ######....   2%          3    None
 Shock                    Conj/Air       ####         3%          1    None
 Dazzling Spray           Conj/Hex       ######       3%          3    None
 Poisonous Vapours        Pois/Air       #####.       4%          2    None
 Silence                  Hex/Air        ######....   4%          5    ####...
 Summon Forest            Summ/Tloc      ######....   4%          5    ####...
 Airstrike                Air            ######....   6%          4    None
 Darkness                 Hex            ######....   6%          6    #####..
 Invisibility             Hex            ######..     6%          6    #####..
 Shadow Creatures         Summ           N/A          6%          6    #####..
 Fulminant Prism          Conj/Hex       ######....   8%          4    None
 Leda's Liquefaction      Hex/Erth       ######....   8%          4    None
 Summon Ice Beast         Ice/Summ       ######..     8%          4    None
 Static Discharge         Conj/Air       #####...     9%          3    None
 Animate Skeleton         Necr           N/A          12%         1    None
 Beastly Appendage        Tmut           ###...       12%         1    None
 Flame Tongue             Conj/Fire      ###..        12%         1    None
 Freeze                   Ice            ###.         12%         1    None
 Magic Dart               Conj           ###.         12%         1    None
 Pain                     Necr           ###.         12%         1    None
 Sandblast                Erth           ###...       12%         1    None
 Sting                    Conj/Pois      ###.         12%         1    None
 Mephitic Cloud           Conj/Pois/Air  ####....     13%         3    None
 Ozocubu's Armour         Chrm/Ice       ####....     16%         3    None
 Regeneration             Chrm/Necr      ####......   16%         3    None
 Corpse Rot               Necr           N/A          17%         2    None
 Searing Ray              Conj           ###...       17%         2    None
 Sticks to Snakes         Tmut           ###.....     17%         2    None
 Sublimation of Blood     Necr           ###.......   17%         2    None
 Throw Flame              Conj/Fire      ###...       17%         2    None
 Throw Frost              Conj/Ice       ###...       17%         2    None
 Metabolic Englaciation   Hex/Ice        ######....   17%         5    ####...
 Yara's Violent Unravell  Hex/Tmut       ######....   17%         5    ####...
 Force Lance              Conj/Tloc      #####...     22%         4    None
 Summon Hydra             Summ           ######....   26%         7    #######
 Conjure Flame            Conj/Fire      ###.....     30%         3    None
 Ignite Poison            Fire/Tmut/Pois ###.....     30%         3    None
 Spider Form              Tmut/Pois      ###.......   30%         3    None
 Stone Arrow              Conj/Erth      ###...       30%         3    None
 Vampiric Draining        Necr           ###.......   30%         3    None
 Lightning Bolt           Conj/Air       #####.....   45%         5    ####...
 Dispersal                Tloc           ######....   52%         6    #####..
 Animate Dead             Necr           N/A          65%         4    None
 Ice Form                 Ice/Tmut       ###.....     65%         4    None
 Olgreb's Toxic Radiance  Pois           ###.....     65%         4    None
 Petrify                  Tmut/Erth      ###.....     65%         4    None
 Sticky Flame             Conj/Fire      ###.....     65%         4    None
 Throw Icicle             Conj/Ice       ###.....     65%         4    None
 Iskenderun's Battlesphe  Conj/Chrm      ####....     69%         5    ####...
 Deflect Missiles         Chrm/Air       #####.....   73%         6    #####..
 Discord                  Hex            ######....   83%         8    #######
 Alistair's Intoxication  Tmut/Pois      ###.....     91%         5    ####...
 Blade Hands              Tmut           ###.......   91%         5    ####...
 Bolt of Draining         Conj/Necr      ###.......   91%         5    ####...
 Bolt of Magma            Conj/Fire/Erth ###.......   91%         5    ####...
 Borgnjor's Vile Clutch   Necr/Erth      ###.......   91%         5    ####...
 Dispel Undead            Necr           ###.....     91%         5    ####...
 Fireball                 Conj/Fire      ###.......   91%         5    ####...
 Irradiate                Conj/Tmut      ###.......   91%         5    ####...
 Venom Bolt               Conj/Pois      ###.......   91%         5    ####...
 Conjure Ball Lightning   Conj/Air       #####.....   92%         6    #####..
 Haunt                    Necr/Summ      ######....   97%         7    #######
 Spellforged Servitor     Conj/Summ      ######....   97%         7    #######
 Freezing Cloud           Conj/Ice/Air   ####......   98%         6    #####..
 Bolt of Cold             Conj/Ice       ###.......   100%        6    #####..
 Bolt of Fire             Conj/Fire      ###.......   100%        6    #####..
 Death Channel            Necr           ###.......   100%        6    #####..
 Hydra Form               Tmut           ###.......   100%        6    #####..
 Iron Shot                Conj/Erth      ###.......   100%        6    #####..
 Simulacrum               Ice/Necr       ###.......   100%        6    #####..
 Statue Form              Tmut/Erth      ###......    100%        6    #####..
 Dragon Form              Tmut           ###.......   100%        7    #######
 Orb of Destruction       Conj           ###.......   100%        7    #######
 Ring of Flames           Chrm/Fire      ####......   100%        7    #######
 Borgnjor's Revivificati  Necr           ###.......   100%        8    #######
 Controlled Blink         Tloc           N/A          100%        8    #######
 Death's Door             Chrm/Necr      ####......   100%        8    #######
 Disjunction              Tloc           ######....   100%        8    #######
 Ignition                 Fire           ###.......   100%        8    #######
 Infestation              Necr           ###.......   100%        8    #######
 Necromutation            Tmut/Necr      ###.......   100%        8    #######
 Dragon's Call            Summ           ######....   100%        9    #######
 Shatter                  Erth           ###.......   100%        9    #######
 Tornado                  Air            ######....   100%        9    #######


Dungeon Overview and Level Annotations

Branches:
Dungeon (15/15)            Temple (1/1) D:5            Lair (6/6) D:10
 Shoals (4/4) Lair:2        Snake (4/4) Lair:4        Slime (5/5) Lair:5
    Orc (2/2) D:12            Elf (3/3) Orc:2        Vaults (5/5) D:13
  Crypt (3/3) Vaults:3       Tomb (3/3) Crypt:3      Depths (5/5) D:15
   Hell (visited)             Dis (7/7) Hell            Geh (7/7) Hell
    Coc (7/7) Hell            Tar (7/7) Hell            Zot (5/5) Depths:5
Ossuary (visited)         Volcano (visited)         Gauntlet (visited)

Altars:
Ashenzari
Cheibriados
Dithmenos
Elyvilon
Fedhas
Gozag
Hepliaklqana
Kikubaaqudgha
Makhleb
Nemelex Xobeh
Okawaru
Qazlal
Ru
Sif Muna
Trog
Uskayaw
Vehumet
Wu Jian
Xom
Yredelemnul
Zin
The Shining One
Beogh
Jiyva

Shops:
D:5 :   D:7 !   D:13 *   D:15 }   Orc:1 *   Orc:2 *([*   Elf:2 (   Elf:3 [
Shoals:2 %:?[   Snake:2 ?   Snake:4 ![   Vaults:4 =   Depths:1 =

Portals:
Hell: Depths:1 Depths:2 Depths:3 Depths:4 Depths:5
Abyss: Depths:1 Depths:2 Depths:4
Pandemonium: Depths:2 Depths:3
Ziggurat: Depths:2

Annotations:
Geh:1 7 runed doors


Innate Abilities, Weirdness & Mutations

You reflexively headbutt those who attack you in melee.
You have a pair of horns on your head.
You are dopey. (Int -2)
You are robust. (+10% HP)
Your spells are harder to cast, but more powerful.


Message History

You see here a +1 demon trident of venom.
(D) Dungeon (T) Temple (L) Lair (A) Shoals (P) Snake Pit (M) Slime Pits (O) Orcish Mines (E) Elven Halls (V) Vaults (C) Crypt (W) Tomb (U) Depths (H) Hell (I) Dis (G) Gehenna (X) Cocytus (Y) Tartarus (Z) Zot
Where to? (* - list waypoints, Enter - D:1 @ (x,y), ? - help)
There is an open door here.
There is an open door here.
There is an open door here.
There is an open door here.
There is an open door here.
There is an open door here.
There is a staircase leading out of the dungeon here.
There is a staircase leading out of the dungeon here.
Your +9 executioner's axe of freezing stops glowing.
Your +9 triple crossbow of freezing is covered in frost.
a - a +9 triple crossbow of freezing (weapon)
Enter note: GREAT WIN, GOOD GEAR, 2 PIPS OF MR WITH TSO WAS OK You have escaped!

##...#.####...'...'...#.}.#
##.##.# #...#...#...#...#
#.##.# ##'###########'##
#.##.# #...#...#...#...#
###.##.# #...#.}.#.}.')}.#
.....#.# #...#...#...#...#
###..#.#####'###'###'###'##
#..#....#...#...#...#...#
###%......#.}.#.@.'...#...#
.......####...#...#...#...#
....#.## ##'###########'##
####### #...#...#.).#...#
#...'.}.'...'...#
#...#...#...#...#
#################


There were no monsters in sight!

Vanquished Creatures
  Cerebov (Pan)
  Antaeus (Coc:7)
  Asmodeus (Geh:7)
  the Royal Jelly (Slime:5)
  Gloorx Vloq (Pan)
  Ignacio (Pan)
  the Serpent of Hell (Tar:7)
  Mnoleg (Pan)
  Dispater (Dis:7)
  Khufu (Crypt:3)
  4 orbs of fire (Zot:5)
  8 ancient liches
  2 juggernauts (Depths:2)
  11 greater mummies
  Sojobo (Vaults:5)
  6 shard shrikes (Coc:7)
  8 Killer Klowns
  Vashnia (Snake:4)
  Xtahua (Depths:4)
  3 curse toes
  8 golden dragons
  A golden dragon (shapeshifter) (Depths:3)
  Geryon (Hell)
  the Enchantress (Depths:4)
  A profane servitor (Crypt:3)
  Nikola (Shoals:1)
  21 bone dragons
  19 liches
  9 doom hounds
  9 iron giants
  29 Brimstone Fiends
  13 pandemonium lords (Pan)
  38 Tzitzimimeh
  Rupert (D:12)
  20 Hell Sentinels
  3 electric golems
  22 tentacled monstrosities
  26 Orb Guardians
  19 Ice Fiends
  Asterion (Elf:1)
  A deep elf blademaster (Elf:3)
  5 titans
  2 deep elf master archers
  17 quicksilver dragons
  A titan (shapeshifter) (Depths:3)
  An acid blob (shapeshifter) (Vaults:5)
  3 eldritch tentacles
  Murray (Hell)
  20 acid blobs
  24 ancient champions
  28 Executioners
  16 tentacled starspawn
  7 death cobs
  9 sphinxes
  Gastronok (Lair:3)
  21 storm dragons
  5 revenants
  A shadow dragon (shapeshifter) (Depths:3)
  7 tengu reavers
  7 nagarajas
  22 shadow dragons
  2 daevas
  Ilsuiw (Shoals:4)
  11 draconian monks
  11 fire giants
  6 azure jellies (Slime:5)
  The ghost of cstieg1 the Devastator, an adept DEFE of Vehumet (Shoals:3)
  11 iron dragons
  9 frost giants
  A ghost moth (shapeshifter) (Depths:2)
  12 vault wardens
  7 draconian knights
  9 draconian scorchers
  6 deep elf sorcerers
  40 balrugs
  17 cacodemons
  Louise (D:14)
  4 draconian stormcallers
  4 curse skulls
  81 reapers
  18 warmongers (Pan)
  An orc warlord (Orc:1)
  13 ghouls
  5 draconian shifters
  4 deep elf elementalists
  3 elemental wellsprings (Coc:7)
  11 draconian annihilators
  4 spriggan defenders
  38 stone giants
  30 war gargoyles
  15 ironheart preservers
  13 vampire knights
  19 very ugly things
  The ghost of Dittersdorf the Fighter, a journeyman MiBe of Trog (D:13)
  6 deep elf demonologists
  17 green draconians
  8 corrupters (Pan)
  8 blood saints (Pan)
  5 bennus
  4 deep elf annihilators
  10 black draconians
  14 black suns (Pan)
  19 lorocyprocas
  A minotaur (Gauntlet)
  Azrael (D:15)
  18 white draconians
  Snorg (Lair:5)
  2 spark wasps (Depths:2)
  10 purple draconians
  10 red draconians
  18 ettins
  9 yellow draconians
  5 merfolk javelineers
  31 blizzard demons
  8 death oozes
  Josephine (Shoals:1)
  22 green deaths
  9 deep elf death magi
  7 quicksilver dragon zombies
  31 mummy priests
  12 crystal guardians (Depths:3)
  4 eidola (Crypt:2)
  6 fire dragons
  8 merfolk impalers
  9 great orbs of eyes
  11 deep elf high priests
  24 jiangshi
  32 vault guards
  3 hydras
  8 yaktaur captains
  A hydra (shapeshifter) (Depths:3)
  2 spriggan air magi
  An ice dragon (shapeshifter) (Vaults:5)
  A kraken zombie (Hell)
  11 rakshasas
  12 anacondas
  19 naga warriors
  4 quicksilver dragon skeletons
  3 catoblepae
  Fannar (Lair:2)
  2 merfolk avatars
  3 ghost crabs
  12 monstrous demonspawn (Pan)
  15 ice dragons
  7 hell beasts
  10 centaur warriors
  44 two-headed ogres
  An alligator snapping turtle (shapeshifter) (Depths:3)
  2 alligator snapping turtles (Shoals:4)
  8 death knights
  5 merfolk aquamancers
  42 dancing weapons
  4 tengu warriors
  10 deep troll shamans
  11 ogre magi
  8 vampire magi
  38 death scarabs
  41 hell hogs
  13 deep troll earth magi
  10 shock serpents
  9 death yaks
  A queen ant (Gauntlet)
  9 titan zombies
  17 thrashing horrors
  10 spriggan berserkers
  6 holy swine (Pan)
  12 naga sharpshooters
  5 orc high priests
  72 soul eaters
  A death yak (shapeshifter) (Depths:3)
  67 sun demons
  23 iron golems
  2 spectral dire elephants (Crypt:3)
  9 titan skeletons
  11 wretched stars
  133 skeletal warriors
  10 storm dragon zombies
  81 hell knights
  28 deep elf knights
  11 shadow wraiths
  2 fire crabs (shapeshifter)
  6 golden dragon zombies
  An iron troll (shapeshifter) (Depths:3)
  A sea snake (shapeshifter) (Depths:3)
  33 small abominations
  A fire crab (Gauntlet)
  2 storm dragon skeletons
  A cherub (Pan)
  16 iron trolls
  A spatial maelstrom (Abyss:4)
  10 sea snakes
  20 sixfirhies
  A glowing orange brain (shapeshifter) (Elf:3)
  8 infernal demonspawn
  3 unseen horrors
  3 ghost moth zombies
  28 deep trolls
  15 wizards
  15 gelid demonspawn (Pan)
  2 salamander mystics (Snake:4)
  21 flayed ghosts
  8 anaconda zombies
  10 glowing orange brains
  30 shadow demons
  6 golden dragon skeletons
  13 naga ritualists
  7 shadow dragon zombies
  14 ironbrand convokers
  A lindwurm (shapeshifter) (Depths:3)
  9 torturous demonspawn (Pan)
  14 deep elf archers
  Pikel (D:9)
  17 phantasmal warriors
  4 obsidian statues
  8 anaconda skeletons
  21 necromancers
  19 harpies
  2 lindwurms (Lair:6)
  A harpy (shapeshifter) (Vaults:4)
  7 wolf spider zombies
  14 orc knights
  An orb spider (Abyss:2)
  An orange crystal statue (D:12)
  2 cyclopes (shapeshifter)
  5 wolf spiders
  8 iron dragon zombies
  66 deep elf magi
  9 shining eyes
  51 ugly things
  11 fauns
  3 tengu skeletons
  8 frost giant zombies
  27 cyclopes
  A wolf spider (shapeshifter) (Depths:3)
  12 salamanders
  7 orc sorcerers
  7 fire giant zombies
  5 elephants (Lair:6)
  A faun (shapeshifter) (Depths:4)
  A shining eye (shapeshifter) (Depths:3)
  11 mana vipers
  6 stone giant skeletons
  11 stone giant zombies
  10 shadow dragon skeletons
  7 worldbinders
  An elephant (shapeshifter) (Vaults:4)
  21 manticores
  28 moths of wrath
  A sphinx skeleton (Depths:4)
  6 iron dragon skeletons
  Maurice (D:8)
  9 frost giant skeletons
  5 guardian serpents (Snake:4)
  6 dire elephant zombies
  2 apocalypse crabs
  4 shock serpent zombies
  A water nymph (shapeshifter) (Depths:3)
  5 toenail golems (Volcano)
  6 fire giant skeletons
  42 black mambas
  6 merfolk sirens
  9 vault sentinels
  14 naga magi
  20 molten gargoyles
  6 torpor snails (Lair:6)
  A guardian serpent (shapeshifter) (Vaults:1)
  4 ice statues
  22 orange demons
  67 smoke demons
  6 water nymphs
  55 rust devils
  5 centaur skeletons
  3 eyes of devastation
  4 dire elephant skeletons
  4 gargoyles
  2 yaktaurs (shapeshifter)
  A redback zombie (D:15)
  A catoblepas zombie (Crypt:1)
  4 rime drakes
  13 spiny frogs
  60 hellions
  2 kobold demonologists (D:14)
  8 komodo dragons
  4 shock serpent skeletons
  45 yaktaurs
  2 golden dragon simulacra (Depths:4)
  20 efreet
  37 freezing wraiths
  31 ice devils
  2 emperor scorpion zombies
  26 demonic crawlers (Pan)
  60 tormentors
  3 silent spectres
  37 hellwings (Pan)
  An anaconda simulacrum (Coc:7)
  3 catoblepas skeletons
  10 ancient zymes
  67 red devils
  21 hydra zombies
  A minotaur skeleton (Geh:2)
  A yaktaur skeleton (Vaults:4)
  A merfolk (shapeshifter) (D:14)
  2 tengu conjurers (Depths:1)
  A jumping spider (shapeshifter) (Depths:3)
  11 polar bears
  3 meliai (Lair:6)
  2 queen bees
  A troll (shapeshifter) (Depths:1)
  14 trolls
  6 tyrant leeches
  6 harpy zombies
  43 guardian mummies
  24 merfolk
  2 tyrant leeches (shapeshifter)
  3 harpy skeletons
  7 wind drakes
  58 slime creatures
  A queen bee (shapeshifter) (Abyss:4)
  9 hydra skeletons
  10 hornets
  6 ice dragon zombies
  8 raiju
  7 fire dragon zombies
  14 dream sheep
  2 human simulacra
  177 flying skulls
  11 hippogriffs
  5 snapping turtles
  9 ettin zombies
  A frost giant simulacrum (Tar:6)
  A blink frog (Lair:6)
  4 bog bodies (Coc:7)
  9 alligator zombies
  A centaur simulacrum (D:15)
  2 elf skeletons
  A fire giant simulacrum (Coc:7)
  A stone giant simulacrum (Vaults:1)
  82 large abominations
  2 black mamba zombies
  56 shadows
  49 ynoxinuls
  11 ettin skeletons
  5 fire dragon skeletons
  2 vampires
  5 spriggans
  7 air elementals
  7 alligator skeletons
  A dire elephant simulacrum (Abyss:1)
  7 ice dragon skeletons
  6 black mamba skeletons
  11 ushabtiu
  13 fire bats
  45 fire elementals
  24 water elementals
  55 wraiths
  32 chaos spawn
  27 yaks
  6 golden eyes
  4 basilisks
  3 wyverns
  3 hogs (D:7)
  A human (D:13)
  27 neqoxecs
  45 nagas
  2 hungry ghosts
  2 deep troll zombies (Crypt:2)
  A swamp worm (shapeshifter) (Depths:2)
  4 insubstantial wisps (Depths:3)
  4 spatial vortices (Abyss:3)
  8 wargs
  A merfolk zombie (Tar:7)
  A warg (shapeshifter) (Depths:2)
  10 water moccasins
  92 hell hounds
  2 elf zombies
  A torturous demonspawn zombie (Geh:5)
  A water moccasin (shapeshifter) (Abyss:4)
  6 soldier ants (Gauntlet)
  10 spiny frog zombies
  An acid dragon (Zot:1)
  5 floating eyes
  A hydra simulacrum (Coc:3)
  A floating eye (shapeshifter) (Vaults:4)
  An infernal demonspawn skeleton (Crypt:2)
  12 black bears
  11 porcupines
  40 orc warriors
  3 swamp dragon zombies
  9 ice beasts
  7 snapping turtle zombies
  An ettin simulacrum (Vaults:1)
  A sky beast (D:8)
  A hornet zombie (D:13)
  49 ogres
  2 manticore zombies
  3 spiny frog skeletons
  11 eyes of draining
  13 phantoms
  48 starcursed masses
  A wolf (D:7)
  36 centaurs
  40 necrophages
  A swamp dragon skeleton (Geh:4)
  4 boggarts
  6 crocodiles
  4 snapping turtle skeletons
  A crocodile (shapeshifter) (Abyss:3)
  4 manticore skeletons
  A yaktaur zombie (Crypt:1)
  A rime drake skeleton (Crypt:1)
  4 big kobolds
  15 bullfrogs
  4 wyvern zombies
  8 earth elementals
  A glowing shapeshifter simulacrum (Vaults:1)
  A komodo dragon skeleton (Crypt:1)
  7 scorpions
  A killer bee (shapeshifter) (Vaults:5)
  A troll zombie (Geh:4)
  33 killer bees
  A troll skeleton (Geh:4)
  149 wights
  5 electric eels
  A bullfrog zombie (D:9)
  18 crimson imps
  An elf simulacrum (Crypt:3)
  A quasit (Abyss:3)
  12 centaur zombies
  18 orc priests
  12 human zombies
  Crazy Yiuf (D:6)
  6 hounds
  5 jellies
  4 bullfrog skeletons
  66 iron imps
  5 iguanas
  23 orc wizards
  Natasha (thrice) (D:2)
  10 worker ants
  4 human skeletons
  A big kobold zombie (Crypt:1)
  An acid dragon zombie (Crypt:2)
  A sky beast zombie (Crypt:2)
  A tengu zombie (Geh:5)
  A naga skeleton (Geh:2)
  39 mummies
  A howler monkey zombie (D:10)
  Robin (D:2)
  A howler monkey skeleton (Crypt:1)
  12 adders
  2 worker ant zombies
  22 shadow imps
  14 white imps
  2 ufetubi
  An iguana zombie (Crypt:2)
  7 worms
  8 ball lightnings (Depths:3)
  A dart slug (D:1)
  6 leopard geckos
  98 orcs
  4 giant cockroaches
  9 hobgoblins
  7 jackals
  6 quokkas
  4 ball pythons
  12 bats
  5 frilled lizards
  17 goblins
  A jackal zombie (Crypt:1)
  20 kobolds
  A leopard gecko zombie (D:5)
  2 orc skeletons
  2 orc zombies
  A quokka skeleton (D:4)
  9 rats
  A rat skeleton (Crypt:2)
  A crawling corpse (Elf:3)
  A demonic plant (Gauntlet)
  2 fungi
  8 plants
  20 starspawn tentacles
  A withered plant (D:12)
5886 creatures vanquished.

Vanquished Creatures (collateral kills)
  Ereshkigal (Tar:7)
  Lom Lobon (Pan)
  A pandemonium lord (Pan)
  3 ancient liches
  Mennas (Vaults:5)
  2 greater mummies
  A golden dragon (Vaults:5)
  A Brimstone Fiend (Geh:6)
  A Hell Sentinel (Pan)
  An Orb Guardian (Zot:5)
  Frances (D:14)
  An acid blob (Slime:5)
  2 quicksilver dragons (Dis:7)
  An eldritch tentacle (Pan)
  An Executioner (Pan)
  A storm dragon (Vaults:5)
  A tengu reaver (Vaults:5)
  A vault warden (Vaults:5)
  An iron dragon (Dis:7)
  A fire giant (Vaults:5)
  A deep elf sorcerer (Elf:3)
  2 balrugs (Geh:6)
  3 cacodemons (Pan)
  2 warmongers (Pan)
  A stone giant (Geh:1)
  A reaper (Dis:7)
  3 bennus
  A lorocyproca (Pan)
  A deep elf demonologist (Elf:3)
  A deep elf annihilator (Vaults:5)
  2 ettins
  2 blizzard demons
  2 death oozes (Slime:5)
  2 mummy priests (Tomb:2)
  A yaktaur captain (Vaults:5)
  A deep elf high priest (Elf:3)
  An ice dragon (Vaults:5)
  A vault guard (Vaults:5)
  A rakshasa (Pan)
  A monstrous demonspawn (Pan)
  A merfolk aquamancer (Shoals:4)
  10 death scarabs
  A dancing weapon (Depths:3)
  A soul eater (Pan)
  A hell knight (Geh:6)
  A sun demon (Pan)
  A sea snake (Shoals:1)
  2 sixfirhies (Pan)
  An iron troll (Dis:7)
  8 large abominations
  A shadow demon (Dis:7)
  A phantasmal warrior (Vaults:5)
  A necromancer (Geh:6)
  A shining eye (Pan)
  A deep elf mage (Vaults:5)
  A fire giant zombie (Dis:7)
  A merfolk siren (Shoals:4)
  2 rust devils
  2 smoke demons (Pan)
  A water nymph (Shoals:1)
  5 orange demons
  An efreet (Abyss:2)
  A yaktaur (Vaults:5)
  A hellwing (Pan)
  A tormentor (Geh:6)
  A freezing wraith (Dis:7)
  A demonic crawler (Pan)
  2 hellions (Geh:6)
  4 red devils
  2 ice devils
  3 guardian mummies
  2 merfolk (Shoals:4)
  A hydra skeleton (Tomb:3)
  A snapping turtle (Shoals:4)
  A harpy skeleton (Geh:1)
  A flying skull (Abyss:4)
  2 ynoxinuls (Pan)
  A fire dragon skeleton (Geh:6)
  A wraith (Geh:6)
  An ushabti (Tomb:2)
  2 fire elementals
  5 neqoxecs
  An eye of draining (Pan)
  A swamp dragon zombie (Dis:7)
  A phantom (Geh:1)
  2 starcursed masses (Abyss:4)
  3 small abominations (Abyss:4)
  5 wights
  An iron imp (Dis:3)
  3 mummies (Tomb:2)
  A white imp (Coc:7)
  An ufetubus (Abyss:4)
  3 starspawn tentacles
155 creatures vanquished.

Vanquished Creatures (others)
  An eldritch tentacle (Dis:4)
  A draconian monk (Zot:3)
  A draconian knight (Zot:3)
  A blood saint (Pan)
  A yellow draconian (Zot:2)
  A purple draconian (Zot:1)
  2 hell hogs
  2 hell knights
  A deep elf knight (Elf:1)
  A glowing orange brain (Depths:3)
  A demonic crawler (Abyss:3)
  2 flying skulls
  A wraith (Geh:7)
  A ynoxinul (Pan)
  An air elemental (Depths:3)
  A dancing weapon (Geh:5)
  A slave (D:9)
  A small abomination (Abyss:4)
  An ogre (Vaults:5)
  An orc warrior (Vaults:2)
  A necrophage (Tar:2)
  2 wights
  An orc wizard (D:9)
  An iron imp (Dis:7)
  A tengu zombie (Geh:6)
  An adder zombie (D:9)
  5 ball lightnings (Depths:3)
  4 orcs (D:9)
  A fire vortex (Pan)
  14 fungi
  2 lurking horrors
  18 plants
  37 starspawn tentacles
111 creatures vanquished.

Grand Total: 6152 creatures vanquished

Notes
Turn   | Place    | Note
-------+----------+-------------------------------------------
     0 | D:1      | Bowmetheus the Minotaur Berserker began the quest for the
                  | Orb.
     0 | D:1      | Reached XP level 1. HP: 19/19 MP: 0/0
   122 | D:1      | You fall into a shaft and drop 1 floor!
   220 | D:2      | Reached XP level 2. HP: 23/27 MP: 1/1
   250 | D:2      | Noticed Robin
   546 | D:1      | Reached XP level 3. HP: 30/33 MP: 2/2
   752 | D:1      | Reached ** piety under Trog
   871 | D:1      | Reached skill level 5 in Axes
  1300 | D:2      | Reached XP level 4. HP: 34/41 MP: 3/3
  1664 | D:2      | Found a shadowy altar of Dithmenos.
  1881 | D:2      | Noticed Natasha
  1884 | D:2      | Killed Natasha
  2022 | D:2      | Noticed Natasha
  2030 | D:2      | Killed Natasha
  2030 | D:2      | Reached XP level 5. HP: 28/47 MP: 4/4
  2121 | D:2      | Noticed Natasha
  2125 | D:2      | Killed Robin
  2125 | D:2      | Reached skill level 5 in Fighting
  2134 | D:2      | Killed Natasha
  2856 | D:3      | Reached *** piety under Trog
  2871 | D:3      | Found a shattered altar of Ashenzari.
  3262 | D:4      | Noticed a phantom
  3301 | D:4      | Killed a phantom
  3301 | D:4      | Reached XP level 6. HP: 40/57 MP: 5/5
  3981 | D:4      | Noticed a moth of wrath
  3984 | D:4      | Found a bloodstained altar of Trog.
  4122 | D:5      | Entered Level 5 of the Dungeon
  4132 | D:5      | Reached XP level 7. HP: 63/63 MP: 6/6
  4180 | D:5      | Found a staircase to the Ecumenical Temple.
  4201 | D:5      | Reached **** piety under Trog
  4211 | Temple   | Entered the Ecumenical Temple
  4612 | D:5      | Found Moukhlygg's Book Boutique.
  4760 | D:5      | Found a shimmering altar of Xom.
  4998 | D:6      | Reached XP level 8. HP: 60/73 MP: 7/7
  5213 | D:6      | Found a sand-covered staircase.
  5221 | Ossuary  | Entered an ossuary
  5295 | Ossuary  | Reached skill level 5 in Armour
  5314 | Ossuary  | Reached skill level 10 in Axes
  5346 | Ossuary  | Received a gift from Trog
  5487 | D:6      | Found an ancient bone altar of Kikubaaqudgha.
  5822 | D:6      | Found a runed translucent door.
  5823 | D:6      | Noticed Crazy Yiuf
  5830 | D:6      | Killed Crazy Yiuf
  6115 | D:7      | Found Donnaam's Distillery.
  6354 | D:7      | Reached ***** piety under Trog
  6354 | D:7      | Reached XP level 9. HP: 81/81 MP: 8/8
  6394 | D:7      | Got a fine hunting sling
  6563 | D:7      | Found a huge runed translucent gate.
  6563 | D:7      | Found a huge runed translucent gate.
  6563 | D:7      | Found a huge runed translucent gate.
  6563 | D:7      | Noticed a polar bear
  6565 | D:7      | Found a huge runed translucent gate.
  6565 | D:7      | Noticed a polar bear
  6565 | D:7      | Noticed a polar bear
  6565 | D:7      | Noticed a polar bear
  6566 | D:7      | Noticed a polar bear
  6566 | D:7      | Noticed a polar bear
  6566 | D:7      | Noticed a polar bear
  6619 | D:7      | Reached skill level 1 in Crossbows
  6946 | D:7      | Bought a potion of lignification for 39 gold pieces
  6946 | D:7      | Bought a potion of heal wounds for 65 gold pieces
  6946 | D:7      | Bought a potion of agility for 52 gold pieces
  6946 | D:7      | Bought a potion of mutation for 104 gold pieces
  7087 | D:8      | Noticed Maurice
  7229 | D:8      | Killed Maurice
  7433 | D:8      | Found a glowing golden altar of the Shining One.
  7564 | D:8      | Found a sacrificial altar of Ru.
  7644 | D:8      | Found a basalt altar of Yredelemnul.
  7684 | D:8      | Reached skill level 1 in Evocations
  7844 | D:9      | Found a white marble altar of Elyvilon.
  7845 | D:9      | Found a shimmering blue altar of Sif Muna.
  8000 | D:9      | Noticed Pikel
  8013 | D:9      | Killed Pikel
  8150 | D:9      | Noticed a freezing wraith
  8163 | D:9      | Killed a freezing wraith
  8163 | D:9      | Reached XP level 10. HP: 81/91 MP: 10/10
  8309 | D:9      | Noticed a death knight
  8318 | D:9      | Killed a death knight
  8824 | D:9      | Found a bloodstained altar of Trog.
  9238 | D:10     | Entered Level 10 of the Dungeon
  9270 | D:10     | Noticed a two-headed ogre
  9277 | D:10     | Killed a two-headed ogre
  9352 | D:10     | Reached skill level 5 in Crossbows
  9374 | D:10     | Reached skill level 10 in Fighting
  9434 | D:10     | Received a gift from Trog
  9587 | D:10     | Reached XP level 11. HP: 88/100 MP: 12/12
  9619 | D:10     | Found a staircase to the Lair.
 10045 | D:10     | Noticed a deep elf mage
 10056 | D:10     | Killed a deep elf mage
 10830 | Lair:1   | Entered Level 1 of the Lair of Beasts
 12268 | Lair:2   | Found a gate leading to a gauntlet.
 12284 | Gauntlet | Entered a Gauntlet
 12284 | Gauntlet | Found a transporter.
 12284 | Gauntlet | Found a transporter.
 12284 | Gauntlet | Found a transporter.
 12295 | Gauntlet | Found a transporter.
 12298 | Gauntlet | Found a transporter.
 12304 | Gauntlet | Found a runed translucent gate.
 12304 | Gauntlet | Found a runed translucent gate.
 12304 | Gauntlet | Found a runed translucent gate.
 12304 | Gauntlet | Noticed a queen ant
 12310 | Gauntlet | Found a transporter.
 12313 | Gauntlet | Found a transporter.
 12318 | Gauntlet | Noticed a fire crab
 12325 | Gauntlet | Found a transporter.
 12344 | Gauntlet | Found a transporter.
 12349 | Gauntlet | Found a transporter.
 12352 | Gauntlet | Found a transporter.
 12362 | Gauntlet | Found a transporter.
 12366 | Gauntlet | Noticed a death scarab
 12552 | Gauntlet | Killed a queen ant
 12562 | Gauntlet | Got a pair of twisted gloves
 12597 | Gauntlet | Identified the cursed +0 pair of gloves of Cassiri {Regen+
                  | Int+4} (You found it in a Gauntlet)
 12630 | Gauntlet | Killed a fire crab
 12635 | Gauntlet | Received a gift from Trog
 12648 | Gauntlet | Got a pair of distressingly furry gloves
 12659 | Gauntlet | Identified the cursed +0 pair of gloves of the Cooper
                  | {rElec Int+3} (You found it in a Gauntlet)
 12672 | Gauntlet | Noticed a minotaur
 12681 | Gauntlet | Killed a minotaur
 12681 | Gauntlet | Reached XP level 12. HP: 111/111 MP: 14/14
 12831 | Lair:1   | Identified a scroll of acquirement
 13139 | Lair:2   | Noticed Fannar
 13161 | Lair:2   | Killed Fannar
 13647 | Lair:2   | Found a staircase to the Shoals.
 13740 | Lair:3   | Noticed a seven-headed hydra
 13754 | Lair:3   | Killed a seven-headed hydra
 13963 | Lair:3   | Reached skill level 15 in Axes
 14024 | Lair:3   | Noticed Gastronok
 14036 | Lair:3   | Killed Gastronok
 14613 | Lair:3   | Noticed an eight-headed hydra
 14995 | Lair:3   | Killed an eight-headed hydra
 14995 | Lair:3   | Reached skill level 5 in Dodging
 15121 | Lair:4   | Found a staircase to the Snake Pit.
 15299 | Lair:4   | Noticed a death yak
 15300 | Lair:4   | Noticed a death yak
 15301 | Lair:4   | Noticed a death yak
 15301 | Lair:4   | Noticed a death yak
 15309 | Lair:4   | Noticed a death yak
 15325 | Lair:4   | Killed a death yak
 15330 | Lair:4   | Noticed a death yak
 15331 | Lair:4   | Killed a death yak
 15339 | Lair:4   | Killed a death yak
 15345 | Lair:4   | Killed a death yak
 15349 | Lair:4   | Killed a death yak
 15351 | Lair:4   | Killed a death yak
 15623 | Lair:4   | Reached XP level 13. HP: 122/122 MP: 15/15
 15761 | Lair:4   | Reached skill level 10 in Crossbows
 16008 | Lair:5   | Found a dark tunnel.
 16107 | Volcano  | Entered a volcano
 17236 | Lair:5   | Noticed Snorg
 17248 | Lair:5   | Killed Snorg
 17304 | Lair:5   | Found a runed translucent door.
 17304 | Lair:5   | Found a viscous altar of Jiyva.
 17305 | Lair:5   | Found a staircase to the Slime Pits.
 17305 | Lair:5   | Noticed an acid blob
 17462 | Lair:6   | Entered Level 6 of the Lair of Beasts
 19201 | Lair:6   | Received a gift from Trog
 19456 | Lair:6   | Found a runed translucent door.
 19457 | Lair:6   | Noticed a fire dragon
 19530 | Lair:6   | Received a gift from Trog
 19703 | Lair:6   | Reached XP level 14. HP: 127/133 MP: 16/16
 21417 | D:11     | Received a gift from Trog
 21994 | D:12     | Reached skill level 15 in Fighting
 22032 | D:12     | Reached ****** piety under Trog
 22095 | D:12     | Found a roughly hewn altar of Beogh.
 22095 | D:12     | Found a staircase to the Orcish Mines.
 22277 | D:12     | Noticed Rupert
 22288 | D:12     | Killed Rupert
 22603 | D:12     | Received a gift from Trog
 23268 | D:12     | Got a transparent bone ring
 23272 | D:12     | Got shimmering ice dragon scales
 23378 | Lair:1   | Identified the +9 ice dragon scales "Picagocu" {rF- rC++
                  | Str+2 Dex+3} (You found it on level 12 of the Dungeon)
 23390 | Lair:1   | Identified the ring of Atheism {rPois Str+4} (You found it
                  | on level 12 of the Dungeon)
 23461 | Orc:1    | Entered Level 1 of the Orcish Mines
 23501 | Orc:1    | Received a gift from Trog
 23655 | Orc:1    | Found Riep's General Store.
 23674 | Orc:1    | Bought a scroll of teleportation for 48 gold pieces
 23674 | Orc:1    | Bought a scroll of magic mapping for 56 gold pieces
 23674 | Orc:1    | Bought a scroll of teleportation for 48 gold pieces
 23778 | Orc:2    | Entered Level 2 of the Orcish Mines
 24406 | Orc:2    | Noticed an orc warlord
 24463 | Orc:2    | Paralysed by an orc sorcerer for 3 turns
 24477 | Orc:1    | Killed an orc warlord
 24552 | Orc:1    | Reached XP level 15. HP: 103/143 MP: 17/17
 24887 | Orc:2    | Received a gift from Trog
 24925 | Orc:2    | Found Roroha's Antique Armour Shop.
 25072 | Orc:2    | Found Xunget's Antique Weapon Shoppe.
 25103 | Orc:2    | Found Puabay's General Store.
 25138 | Orc:2    | Found a burning altar of Makhleb.
 25185 | Orc:2    | Found a staircase to the Elven Halls.
 25379 | Orc:2    | Found Pyer's General Store.
 25387 | Orc:2    | Bought a scroll of noise for 11 gold pieces
 25387 | Orc:2    | Bought a scroll of blinking for 82 gold pieces
 25387 | Orc:2    | Bought a scroll of identify for 22 gold pieces
 25387 | Orc:2    | Bought a scroll of identify for 22 gold pieces
 25387 | Orc:2    | Bought 16 bolts for 35 gold pieces
 25387 | Orc:2    | Bought a scroll of fog for 22 gold pieces
 25528 | Orc:2    | Found Quasm's Jewellery Shop.
 25690 | Orc:2    | Bought a potion of curing for 51 gold pieces
 25690 | Orc:2    | Bought a potion of agility for 68 gold pieces
 25991 | D:13     | Got a slimy diamond amulet
 26133 | D:13     | Found a transporter.
 26136 | D:13     | Identified the +6 flail "Zelinin" {elec, Str+3}
 26137 | D:13     | Identified the +8 great mace of the Ancient Continents
                  | {antimagic, MR++ SInv}
 26138 | D:13     | Noticed Dittersdorf's ghost (journeyman MiBe)
 26138 | D:13     | Identified the +4 giant spiked club "Jof Pyew" {drain,
                  | +Blink rN+++ MR+++ Dex-5}
 26140 | D:13     | Found a bloodstained altar of Trog.
 26376 | D:13     | Found Vonoem Bamu's General Store.
 26452 | D:13     | Bought a scroll of identify for 30 gold pieces
 26452 | D:13     | Identified the amulet of Qitebopo {RegenMP Str+3 Dex-5
                  | Stlth+} (You found it on level 13 of the Dungeon)
 26496 | D:13     | Found a transporter.
 26588 | D:13     | Paralysed by an orc sorcerer for 2 turns
 26666 | D:13     | Found a gate to the Vaults.
 26824 | D:14     | Noticed Louise
 26840 | D:14     | Killed Louise
 27019 | D:14     | Noticed Frances
 27198 | D:14     | Gained mutation: You are clumsy. (Dex -2) [a neqoxec]
 27727 | D:14     | Found a shadowy altar of Dithmenos.
 27825 | D:14     | Killed Frances
 28102 | D:15     | Entered Level 15 of the Dungeon
 28183 | D:15     | Noticed Azrael
 28187 | D:14     | Received a gift from Trog
 28280 | D:15     | Killed Azrael
 28447 | D:15     | Received a gift from Trog
 28692 | D:15     | Found Uwacybog's Gadget Emporium.
 28710 | D:15     | Bought a wand of enslavement (5) for 91 gold pieces
 28710 | D:15     | Bought a wand of enslavement (6) for 104 gold pieces
 28856 | D:15     | Found a staircase to the Depths.
 29003 | D:15     | Reached XP level 16. HP: 155/155 MP: 18/18
 29140 | D:15     | Received a gift from Trog
 29605 | D:13     | Bought a ration for 75 gold pieces
 29605 | D:13     | Bought a wand of flame (22) for 180 gold pieces
 29605 | D:13     | Bought a wand of paralysis (9) for 165 gold pieces
 29605 | D:13     | Bought 2 throwing nets for 90 gold pieces
 29672 | D:15     | Bought a wand of iceblast (9) for 169 gold pieces
 29672 | D:15     | Bought a wand of flame (21) for 149 gold pieces
 29672 | D:15     | Bought a wand of digging (7) for 286 gold pieces
 29920 | Snake:1  | Entered Level 1 of the Snake Pit
 31151 | Snake:2  | Reached skill level 15 in Crossbows
 31151 | Snake:2  | Reached skill level 5 in Evocations
 31345 | Snake:2  | Received a gift from Trog
 31352 | Snake:2  | Identified the +0 hat of the Unbroken {rElec rF+ Regen+
                  | SInv} (You found it on level 2 of the Snake Pit)
 31513 | Snake:2  | Found Cure's Magic Scroll Shop.
 31536 | Snake:2  | Bought a scroll of noise for 16 gold pieces
 31536 | Snake:2  | Bought a scroll of magic mapping for 56 gold pieces
 31536 | Snake:2  | Bought a scroll of enchant armour for 120 gold pieces
 31536 | Snake:2  | Bought 2 scrolls of identify for 64 gold pieces
 31536 | Snake:2  | Bought a scroll of identify for 32 gold pieces
 32349 | Snake:3  | Received a gift from Trog
 33237 | Snake:4  | Entered Level 4 of the Snake Pit
 33347 | Snake:4  | Found a hazy altar of Hepliaklqana.
 33647 | Snake:4  | Reached XP level 17. HP: 165/165 MP: 21/21
 33675 | Snake:4  | Found Xaumy's Distillery.
 33676 | Snake:4  | Found Risiuf's Antique Armour Boutique.
 33681 | Snake:4  | Bought a potion of might for 56 gold pieces
 33872 | Snake:4  | Received a gift from Trog
 33875 | Snake:4  | Got a polished triple crossbow {god gift}
 33876 | Snake:4  | Identified the +0 triple crossbow "Ymourrudy" {venom,
                  | Int+4} (Trog gifted it to you on level 4 of the Snake Pit)
 34267 | Snake:4  | Noticed Vashnia
 34359 | Snake:4  | Killed Vashnia
 34359 | Snake:4  | Reached skill level 10 in Armour
 34359 | Snake:4  | Reached skill level 10 in Dodging
 34657 | Snake:4  | Received a gift from Trog
 35154 | Snake:4  | Got a serpentine rune of Zot
 35593 | Shoals:1 | Entered Level 1 of the Shoals
 36088 | Shoals:1 | Noticed Josephine
 36098 | Shoals:1 | Received a gift from Trog
 36113 | Shoals:1 | Killed Josephine
 36323 | Shoals:1 | Reached XP level 18. HP: 129/176 MP: 23/23
 37050 | Shoals:1 | Noticed Nikola
 37058 | Shoals:1 | Killed Nikola
 37340 | Lair:1   | Identified the +5 hunting sling "Sikom" {speed, Dex+2} (You
                  | found it on level 7 of the Dungeon)
 37433 | Shoals:2 | Received a gift from Trog
 37499 | Shoals:2 | Found Usirob's Armour Boutique.
 37564 | Shoals:2 | Found Bora's Magic Scroll Emporium.
 37601 | Shoals:2 | Found Onkymub's Book Shop.
 37669 | Shoals:2 | Found Codofac's Food Shop.
 37697 | Shoals:2 | Received a gift from Trog
 38503 | Shoals:3 | Received a gift from Trog
 38686 | Shoals:3 | Found a runed translucent door.
 38686 | Shoals:3 | Found a shimmering altar of Xom.
 38686 | Shoals:3 | Noticed cstieg1's ghost (adept DEFE)
 39078 | Shoals:4 | Entered Level 4 of the Shoals
 39876 | Shoals:4 | Noticed Ilsuiw
 39907 | Shoals:4 | Killed Ilsuiw
 40216 | Shoals:4 | Received a gift from Trog
 40485 | Shoals:4 | Got a barnacled rune of Zot
 41812 | Shoals:4 | Got a slimy amber ring
 41817 | Shoals:4 | Identified the ring of Mutualism {rPois MR+} (You found it
                  | on level 4 of the Shoals)
 42862 | D:13     | Reached XP level 19. HP: 184/184 MP: 22/24
 42923 | D:13     | Killed Dittersdorf's ghost
 42923 | D:13     | Received a gift from Trog
 43067 | Vaults:1 | Entered Level 1 of the Vaults
 43337 | Vaults:1 | Received a gift from Trog
 43408 | Vaults:1 | Received a gift from Trog
 44491 | Vaults:1 | Received a gift from Trog
 44521 | Vaults:1 | You fall into a shaft and drop 1 floor!
 44858 | Vaults:2 | Received a gift from Trog
 45151 | Vaults:2 | Noticed a lich
 45167 | Vaults:2 | Killed a lich
 45167 | Vaults:2 | Received a gift from Trog
 45429 | Vaults:2 | Received a gift from Trog
 45432 | Vaults:2 | Identified the +5 battleaxe of the Evil Eye {antimagic,
                  | *Slow Str+8 Int+8} (Trog gifted it to you on level 2 of the
                  | Vaults)
 45674 | Vaults:2 | Reached XP level 20. HP: 193/195 MP: 25/25
 47688 | Vaults:3 | Received a gift from Trog
 48135 | Vaults:3 | Found a staircase to the Crypt.
 48348 | Vaults:4 | Received a gift from Trog
 49051 | Vaults:4 | Received a gift from Trog
 50108 | Vaults:4 | Found Bisuecs's Jewellery Emporium.
 50788 | Elf:1    | Entered Level 1 of the Elven Halls
 51020 | Elf:1    | Received a gift from Trog
 51129 | Elf:1    | Noticed Asterion
 51141 | Elf:1    | Killed Asterion
 51164 | Elf:1    | Reached XP level 21. HP: 161/205 MP: 26/26
 52216 | Elf:2    | Received a gift from Trog
 52325 | Elf:2    | Received a gift from Trog
 52376 | Elf:2    | Found Otapn's Weapon Shop.
 52785 | Elf:2    | Found a runed translucent gate.
 52785 | Elf:2    | Found a runed translucent gate.
 52800 | Elf:2    | Found a runed translucent gate.
 53323 | Elf:2    | Received a gift from Trog
 53441 | Elf:3    | Entered Level 3 of the Elven Halls
 54064 | Elf:3    | Found Orchyv's Antique Armour Shoppe.
 54128 | Elf:3    | Bought a pair of runed boots for 180 gold pieces
 54138 | Elf:3    | Identified a +2 pair of boots of running (You bought it in
                  | a shop on level 3 of the Elven Halls)
 54330 | Elf:3    | Received a gift from Trog
 55144 | Elf:3    | Cast into level 2 of the Abyss (a deep elf demonologist)
 55315 | Abyss:2  | Received a gift from Trog
 55327 | Elf:3    | Escaped the Abyss
 55822 | Elf:3    | Identified the cursed +1 lajatang of the Snake Pit {slice,
                  | rF- Str+6}
 56035 | Elf:3    | Reached XP level 22. HP: 215/215 MP: 27/27
 56105 | Elf:3    | Received a gift from Trog
 56176 | Elf:3    | Identified Pegg's Almanac of Unstable Snow
 56184 | Elf:3    | Identified the Reference Book on Ignition and
                  | Transmigration
 56198 | Elf:3    | Identified the +10 hand crossbow "Dutiwisk" {penet, rF+
                  | MR++} (You found it on level 3 of the Elven Halls)
 56270 | Elf:3    | Found the +2 ratskin cloak {+Rats rPois rN+ Str-1 Int-1
                  | Dex+1}
 56350 | Elf:3    | Got a glittering granite ring
 56351 | Elf:3    | Identified the ring "Ximnoss" {*Tele rF+ Int+2 SInv} (You
                  | found it on level 3 of the Elven Halls)
 56356 | Elf:3    | Got a flickering bronze ring
 56357 | Elf:3    | Identified the ring of Qiygrat {rPois rN+ rCorr Int+4} (You
                  | found it on level 3 of the Elven Halls)
 56867 | Depths:1 | Entered Level 1 of the Depths
 56900 | Depths:1 | Found a one-way gate to the infinite horrors of the Abyss.
 56905 | Depths:1 | Found Iwkeffoi's Jewellery Shop.
 56930 | Depths:1 | Found a gateway to Hell.
 57232 | Depths:1 | Received a gift from Trog
 57744 | Depths:1 | Found a radiant altar of Vehumet.
 58072 | Depths:2 | Found a one-way gate leading to the halls of Pandemonium.
 58216 | Depths:2 | Found a flickering gateway to a bazaar.
 58267 | Bazaar   | Entered a bazaar
 58268 | Bazaar   | Found Boun's Antique Weapon Emporium.
 58268 | Bazaar   | Found Vinkiofu's Jewellery Emporium.
 58269 | Bazaar   | Found Jitatosch's Jewellery Shop.
 58302 | Bazaar   | Found Aliw's Book Boutique.
 58358 | Bazaar   | Bought the ring "Buss" {Wiz rF+ Str+3} for 955 gold pieces
 58515 | Depths:2 | Noticed an ancient lich
 58516 | Depths:2 | Found a gateway to a ziggurat.
 58610 | Depths:2 | Received a gift from Trog
 58827 | Depths:2 | Noticed a juggernaut
 58839 | Depths:2 | Killed a juggernaut
 59634 | Depths:2 | Noticed a juggernaut
 59650 | Depths:2 | Killed a juggernaut
 59723 | Depths:2 | Identified the ring "Metteim" {rPois rC+++ Dex-5 Slay+2
                  | SInv Stlth-}
 59738 | Depths:2 | Identified the cursed ring of Cothadin {+Inv +Fly rC+ Str+2
                  | Slay-4}
 60745 | Depths:2 | Identified the +12 trident of the Mind {pierce, MR++
                  | Stlth+} (You found it on level 2 of the Depths)
 61318 | Depths:3 | Received a gift from Trog
 61321 | Depths:3 | Got an iridescent arbalest {god gift}
 61322 | Depths:3 | Identified the +1 arbalest of Distant Worlds {velocity,
                  | +Fly rElec rN++ Int-3} (Trog gifted it to you on level 3 of
                  | the Depths)
 61421 | Depths:3 | Reached XP level 23. HP: 206/224 MP: 28/28
 61653 | Depths:3 | Noticed a juggernaut
 61653 | Depths:3 | an iron dragon changed into a juggernaut
 61655 | Depths:3 | a juggernaut changed into a titan
 62000 | Depths:3 | Noticed a caustic shrike
 62000 | Depths:3 | an iron giant changed into a caustic shrike
 62015 | Depths:3 | a caustic shrike changed into a golden dragon
 62292 | Depths:3 | Received a gift from Trog
 62488 | Depths:3 | Identified the +9 executioner's axe of Ohuaf {holy, rElec
                  | MP+9 Str+4 Int-4} (You found it on level 3 of the Depths)
 63666 | Depths:3 | Got a distressingly furry plate armour
 63674 | Depths:3 | Identified the +7 plate armour "Adwackoeda" {rC- Int+2
                  | Slay+5 Stlth+} (You found it on level 3 of the Depths)
 64427 | Depths:4 | Noticed Xtahua
 64431 | Depths:4 | Killed Xtahua
 64583 | Depths:4 | Received a gift from Trog
 64848 | Depths:4 | Paralysed by a great orb of eyes for 3 turns
 64979 | Depths:4 | Received a gift from Trog
 65033 | Depths:4 | Noticed the Enchantress
 65427 | Depths:4 | Killed the Enchantress
 65427 | Depths:4 | Received a gift from Trog
 65821 | Depths:5 | Entered Level 5 of the Depths
 66562 | Depths:5 | Reached XP level 24. HP: 237/237 MP: 28/28
 67013 | Depths:5 | Found a gate to the Realm of Zot.
 67459 | Depths:2 | Killed an ancient lich
 68014 | Shoals:3 | Killed cstieg1's ghost
 68048 | Shoals:3 | Got an encrusted ring mail
 68107 | Shoals:2 | Bought a scroll of identify for 40 gold pieces
 68107 | Shoals:2 | Bought a scroll of teleportation for 60 gold pieces
 68107 | Shoals:2 | Bought a scroll of holy word for 150 gold pieces
 68107 | Shoals:2 | Bought a scroll of enchant weapon for 150 gold pieces
 68107 | Shoals:2 | Bought a scroll of fear for 70 gold pieces
 68144 | Shoals:2 | Bought a +1 pair of gloves of archery for 214 gold pieces
 68340 | Snake:4  | Bought a potion of curing for 42 gold pieces
 68340 | Snake:4  | Bought a potion of flight for 42 gold pieces
 68340 | Snake:4  | Bought a potion of haste for 140 gold pieces
 68340 | Snake:4  | Bought a potion of curing for 42 gold pieces
 68340 | Snake:4  | Bought a potion of agility for 56 gold pieces
 68340 | Snake:4  | Bought a potion of brilliance for 56 gold pieces
 68588 | D:7      | Bought 2 potions of brilliance for 104 gold pieces
 68588 | D:7      | Bought a potion of mutation for 104 gold pieces
 69009 | Vaults:5 | Entered Level 5 of the Vaults
 69012 | Vaults:5 | Received a gift from Trog
 69032 | Vaults:5 | Received a gift from Trog
 69042 | Vaults:5 | Noticed Sojobo
 69065 | Vaults:5 | Killed Sojobo
 69082 | Vaults:5 | Received a gift from Trog
 69794 | Vaults:5 | Reached XP level 25. HP: 217/246 MP: 29/29
 69919 | Vaults:5 | Identified the +10 morningstar "Pioma" {freeze, rN+ MP+9}
 69923 | Vaults:5 | Received a gift from Trog
 70160 | Vaults:5 | Identified the ring of Cifex {rC- MR+ Dex+5}
 70279 | Vaults:5 | Noticed Mennas
 70295 | Vaults:5 | Killed Mennas
 70399 | Vaults:5 | Identified Nesm's Collected Works on Attacks
 70565 | Vaults:5 | Identified the ring "Husau" {MP+9 Int+7 Dex+4}
 70663 | Vaults:5 | Identified the +7 chain mail of Snakes and Ladders {+Blink
                  | rF++ Str-2 Int+4} (You found it on level 5 of the Vaults)
 70701 | Vaults:5 | Got a silver rune of Zot
 70713 | Vaults:5 | Identified Usibob's Handbook of Mezcal
 70809 | Vaults:5 | Identified Doabuaco's Almanac of the Nocuous Mountains
 72582 | Zot:1    | Entered Level 1 of the Realm of Zot
 72900 | Zot:1    | Reached skill level 15 in Armour
 73093 | Zot:1    | Reached skill level 15 in Dodging
 73722 | Vaults:4 | Bought the ring of Ymeoc {rPois Str+3 Dex+4} for 741 gold
                  | pieces
 74220 | Zot:1    | Received a gift from Trog
 75290 | Zot:2    | Received a gift from Trog
 75574 | Zot:2    | Received a gift from Trog
 75574 | Zot:2    | Reached XP level 26. HP: 240/257 MP: 29/29
 77223 | Zot:3    | Received a gift from Trog
 77693 | Zot:4    | Received a gift from Trog
 78447 | Zot:4    | Identified the +4 battleaxe "Sevus" {holy, *Corrode rElec
                  | rPois Int+6} (You found it on level 4 of the Realm of Zot)
 79104 | Slime:1  | Entered Level 1 of the Pits of Slime
 79160 | Slime:2  | Received a gift from Trog
 79769 | Slime:4  | Paralysed by a floating eye for 2 turns
 79780 | Slime:5  | Entered Level 5 of the Pits of Slime
 79887 | Slime:5  | Reached XP level 27. HP: 267/267 MP: 15/29
 79996 | Slime:5  | Gained mutation: You evolve. [a shining eye]
 80286 | Slime:5  | Gained mutation: You are frail. (-10% HP) [a shining eye]
 80290 | Slime:5  | Noticed the Royal Jelly
 80309 | Slime:5  | Killed the Royal Jelly
 80323 | Slime:5  | Paralysed by a great orb of eyes for 4 turns
 80370 | Slime:5  | Got a slimy rune of Zot
 80435 | Slime:5  | Got a crude brass ring
 80436 | Slime:5  | Identified the cursed ring of the Jester {AC-2 Int+2} (You
                  | found it on level 5 of the Pits of Slime)
 80501 | Slime:5  | Got a translucent demon trident
 80503 | Slime:5  | Identified the cursed +1 demon trident of the Desolation of
                  | Salt {vamp, Dex+6} (You found it on level 5 of the Pits of
                  | Slime)
 81114 | D:5      | Bought a book of Callings for 450 gold pieces
 81225 | D:8      | Fell from the grace of Trog
 81225 | D:8      | Became a worshipper of the Shining One
 81408 | D:13     | Learned a level 3 spell: Tukima's Dance
 81413 | D:13     | Learned a level 4 spell: Summon Lightning Spire
 81417 | D:13     | Learned a level 3 spell: Inner Flame
 81421 | D:13     | Learned a level 3 spell: Portal Projectile
 81425 | D:13     | Learned a level 3 spell: Call Canine Familiar
 81428 | D:13     | Learned a level 2 spell: Blink
 81430 | D:13     | Learned a level 1 spell: Apportation
 81432 | D:13     | Learned a level 1 spell: Corona
 81436 | D:13     | Learned a level 3 spell: Confuse
 81616 | D:5      | Bought the Tome of Companions and Shape Shifting for 724
                  | gold pieces
 81618 | D:5      | Learned a level 1 spell: Summon Butterflies
 81807 | D:13     | Got a polished cloak
 81808 | D:13     | Identified the +0 cloak of Inohuf Wub {rPois Str+5 Stlth+}
                  | (You acquired it on level 13 of the Dungeon)
 81944 | Crypt:1  | Entered Level 1 of the Crypt
 81962 | Crypt:1  | Reached * piety under the Shining One
 81968 | Crypt:1  | Reached skill level 1 in Invocations
 81990 | Crypt:1  | Reached skill level 1 in Translocations
 82031 | Crypt:1  | Reached skill level 1 in Hexes
 82068 | Crypt:1  | Reached ** piety under the Shining One
 82225 | Crypt:1  | Reached *** piety under the Shining One
 82432 | Crypt:1  | Found a basalt altar of Yredelemnul.
 82509 | Crypt:1  | Reached skill level 1 in Spellcasting
 82601 | Crypt:1  | Reached **** piety under the Shining One
 83094 | Crypt:2  | Reached ***** piety under the Shining One
 83411 | Crypt:2  | Found a basalt altar of Yredelemnul.
 83412 | Crypt:2  | Gained mutation: You are partially covered in yellow
                  | scales. (AC +2) [evolution]
 83741 | Crypt:2  | Reached ****** piety under the Shining One
 83762 | Crypt:2  | Identified a +9 triple crossbow of holy wrath (a +7 triple
                  | crossbow of flaming blessed by the Shining One)
 83762 | Crypt:2  | Received a gift from the Shining One
 83922 | Crypt:3  | Entered Level 3 of the Crypt
 84166 | Crypt:3  | Reached skill level 5 in Invocations
 84487 | Depths:1 | Bought an uncursed amulet of faith for 680 gold pieces
 84843 | Crypt:3  | Found an ancient bone altar of Kikubaaqudgha.
 85071 | D:13     | Learned a level 2 spell: Song of Slaying
 85073 | D:13     | Learned a level 1 spell: Infusion
 85076 | D:13     | Learned a level 2 spell: Shroud of Golubria
 85854 | Crypt:3  | Reached skill level 5 in Translocations
 85881 | Crypt:3  | Identified the +3 cloak of the Beekeeper {+Inv rPois rC-
                  | Dex-2} (You found it on level 3 of the Crypt)
 86004 | Crypt:3  | Found a staircase to the Tomb.
 86004 | Crypt:3  | Noticed Khufu
 86012 | Crypt:3  | Killed Khufu
 86485 | Hell     | Entered the Vestibule of Hell
 86485 | Hell     | Noticed Geryon
 86485 | Hell     | Noticed Murray
 86490 | Hell     | Killed Murray
 86495 | Hell     | Killed Geryon
 86511 | Hell     | Reached skill level 5 in Hexes
 86814 | Hell     | Found a gateway to the freezing wastes of Cocytus.
 86865 | Hell     | Found a gateway to the decaying netherworld of Tartarus.
 86984 | Hell     | Found a gateway to the Iron City of Dis.
 87039 | Hell     | Found a gateway to the ashen valley of Gehenna.
 87171 | Dis:1    | Entered Level 1 of the Iron City of Dis
 87462 | Dis:1    | Paralysed by Trog for 7 turns
 88850 | Dis:4    | Reached skill level 10 in Invocations
 89157 | Dis:4    | Reached skill level 1 in Air Magic
 89169 | Dis:4    | Reached skill level 1 in Summonings
 89228 | Dis:4    | Reached skill level 5 in Spellcasting
 89564 | Dis:1    | You fall into a shaft and drop 1 floor!
 90059 | Dis:4    | Gained mutation: You are partially covered in rugged brown
                  | scales. (AC +1, +3% HP) [evolution]
 90518 | Dis:7    | Entered Level 7 of the Iron City of Dis
 91549 | Dis:7    | Reached skill level 1 in Charms
 91573 | Dis:7    | Reached skill level 5 in Summonings
 91573 | Dis:7    | Reached skill level 5 in Air Magic
 91710 | Dis:7    | Identified the Incunabulum of Damaging Flames
 91776 | Dis:7    | Identified the +8 quarterstaff "Grim" {protect, rN+ MR+
                  | Str-3 Stlth+}
 92718 | Dis:7    | Identified the +4 staff of Dispater
 92718 | Dis:7    | Noticed Dispater
 93099 | Dis:7    | Killed Dispater
 93140 | Dis:7    | Got a translucent granite ring
 93141 | Dis:7    | Identified the cursed ring "Poxkem" {Int-5 Dex+4} (You
                  | found it on level 7 of the Iron City of Dis)
 93144 | Dis:7    | Got an iron rune of Zot
 93724 | Geh:1    | Entered Level 1 of Gehenna
 93734 | Geh:1    | Paralysed by a lich for 2 turns
 94014 | Geh:1    | Found a huge runed gate.
 94014 | Geh:1    | Found a huge runed gate.
 94014 | Geh:1    | Found a huge runed gate.
 94014 | Geh:1    | Found a huge runed gate.
 94014 | Geh:1    | Found a huge runed gate.
 94014 | Geh:1    | Found a huge runed gate.
 94014 | Geh:1    | Found a huge runed gate.
 94996 | Geh:2    | Reached skill level 10 in Hexes
 95382 | Geh:3    | Was forgiven by Trog
 95648 | Geh:4    | Gained mutation: You are partially covered in iridescent
                  | scales. (AC +2) [mutagenic glow]
 96115 | Geh:4    | Reached skill level 10 in Summonings
 97023 | Depths:1 | Voluntarily entered the Abyss.
 97267 | Abyss:2  | Gained mutation: Your spells are a little easier to cast,
                  | but a little less powerful. [a neqoxec]
 97807 | Abyss:2  | Reached skill level 15 in Invocations
 97876 | Abyss:2  | Reached skill level 10 in Spellcasting
 97930 | Abyss:2  | Lost mutation: You evolve. [end of evolution]
 98129 | Abyss:2  | Paralysed by accursed screaming for 2 turns
 98326 | Abyss:3  | Found a corrupted altar of Lugonu.
 98720 | Abyss:4  | Paralysed by a floating eye for 3 turns
 98727 | Abyss:4  | Paralysed by a floating eye for 3 turns
 98737 | Abyss:4  | Got an abyssal rune of Zot
 98789 | Abyss:4  | Gained mutation: You are very clumsy. (Dex -4) [a
                  | cacodemon]
 99003 | Depths:1 | Escaped the Abyss
 99323 | Pan      | Entered the realm of Cerebov.
 99323 | Pan      | Entered Pandemonium
 99377 | Pan      | Identified the Reference Book on the Ghastly Mountains
 99498 | Pan      | Identified Witogus's Papyrus of Feathers and the Mountains
 99500 | Pan      | Identified Ocwogiuh's Compendium of Dark Stones
 99503 | Pan      | Identified the cursed +0 plate armour of Negligence {rN+}
                  | (You found it in Pandemonium)
 99605 | Pan      | Identified Yppaif's Almanac of Bewitchment and Lightness
100230 | Pan      | Got a steaming silver amulet
100231 | Pan      | Identified the amulet "Liqyg" {Gourm rN++ Dex+6} (You found
                  | it in Pandemonium)
100408 | Pan      | Identified the +6 sword of Cerebov {flame}
100408 | Pan      | Noticed Cerebov
100433 | Pan      | Killed Cerebov
100605 | Pan      | Got a fiery rune of Zot
101082 | Pan      | Gained mutation: You occasionally shout uncontrollably at
                  | your foes. [a cacodemon]
101391 | Pan      | Identified the +1 pair of gloves of Listlessness {rElec
                  | rF+} (You found it in Pandemonium)
102227 | Pan      | Noticed Ronas the pandemonium lord
102234 | Pan      | Killed Ronas the pandemonium lord
102333 | Pan      | Entered the realm of Lom Lobon.
103043 | Pan      | Noticed Lom Lobon
103053 | Pan      | Killed Lom Lobon
103091 | Pan      | Got a magical rune of Zot
103364 | Depths:2 | Escaped Pandemonium
104358 | Geh:7    | Entered Level 7 of Gehenna
104785 | Geh:7    | Identified the +2 broad axe of Yvuc {drain, *Slow +Blink
                  | +Rage MR-} (You found it on level 7 of Gehenna)
104891 | Geh:7    | Identified the +7 sceptre of Asmodeus
104891 | Geh:7    | Noticed Asmodeus
104904 | Geh:7    | Killed Asmodeus
104936 | Geh:7    | Found the +2 hat of the Bear Spirit {Spirit, +Rage rN+
                  | MR++}
104988 | Geh:7    | Got an obsidian rune of Zot
104995 | Geh:7    | Got a shimmering turquoise ring
104996 | Geh:7    | Identified the ring of Leaves {rN++ Str+5 Int-5 SInv} (You
                  | found it on level 7 of Gehenna)
104999 | Geh:7    | Identified the +2 cloak of the Ecumenical Temple {rPois rF+
                  | rC-} (You found it on level 7 of Gehenna)
105002 | Geh:7    | Identified the +10 plate armour of Pukkiqam {-Tele rN+ MR+
                  | Dex+5} (You found it on level 7 of Gehenna)
105015 | Geh:7    | Got a transparent bronze amulet
105016 | Geh:7    | Identified the amulet of Pragmatism {Harm *Drain Dex+3}
                  | (You found it on level 7 of Gehenna)
105783 | Pan      | Entered Pandemonium
106097 | Pan      | Noticed Igounwas the pandemonium lord
106108 | Pan      | Killed Igounwas the pandemonium lord
106269 | Pan      | Gained mutation: You are dopey. (Int -2) [a neqoxec]
106364 | Pan      | Found an exit through the horrors of the Abyss.
106608 | Depths:2 | Escaped Pandemonium
106908 | Temple   | Fell from the grace of the Shining One
106908 | Temple   | Became a worshipper of Zin the Law-Giver
106908 | Temple   | Reached * piety under Zin
106908 | Temple   | Reached ** piety under Zin
106908 | Temple   | Reached *** piety under Zin
106908 | Temple   | Reached **** piety under Zin
106908 | Temple   | Reached ***** piety under Zin
106909 | Temple   | Donated 2456 gold pieces to Zin
107030 | D:12     | Reached ****** piety under Zin
107108 | D:13     | Lost mutation: You are frail. (-10% HP) [potion of
                  | mutation]
107108 | D:13     | Lost mutation: You occasionally shout uncontrollably at
                  | your foes. [potion of mutation]
107108 | D:13     | Lost mutation: You are very clumsy. (Dex -4) [potion of
                  | mutation]
107108 | D:13     | Lost mutation: You are partially covered in yellow scales.
                  | (AC +2) [potion of mutation]
107109 | D:13     | Lost mutation: You are dopey. (Int -2) [potion of mutation]
107109 | D:13     | Lost mutation: You are clumsy. (Dex -2) [potion of
                  | mutation]
107109 | D:13     | Lost mutation: Your spells are a little easier to cast, but
                  | a little less powerful. [potion of mutation]
107109 | D:13     | Lost mutation: You are partially covered in rugged brown
                  | scales. (AC +1, +3% HP) [potion of mutation]
107282 | D:8      | Fell from the grace of Zin
107282 | D:8      | Became a worshipper of the Shining One
107566 | Pan      | Entered Pandemonium
107674 | Pan      | Found an exit through the horrors of the Abyss.
108104 | Pan      | Noticed Uvuthris the pandemonium lord
108118 | Pan      | Killed Uvuthris the pandemonium lord
108320 | Pan      | Found a transporter.
108716 | Pan      | Found a transporter.
108837 | Pan      | Got a crude glass ring
108838 | Pan      | Identified the ring "Wujok" {-Tele +Inv rF+ MR+ Int+7} (You
                  | found it in Pandemonium)
108861 | Pan      | Identified the +5 arbalest of Stickiness {venom, rPois
                  | Str+4 Dex+5} (You found it in Pandemonium)
108998 | Depths:2 | Escaped Pandemonium
109014 | Pan      | Entered Pandemonium
109102 | Pan      | Noticed Oguywat the pandemonium lord
109118 | Pan      | Killed Oguywat the pandemonium lord
109290 | Pan      | Found an exit through the horrors of the Abyss.
109868 | Pan      | Took an exit into the Abyss.
109868 | Abyss:1  | Escaped into the Abyss
109956 | Abyss:1  | Paralysed by accursed screaming for 2 turns
109961 | Depths:2 | Escaped the Abyss
110036 | Pan      | Entered Pandemonium
110623 | Pan      | Noticed Ojathrix the pandemonium lord
110628 | Pan      | Killed Ojathrix the pandemonium lord
111035 | Pan      | Entered the realm of Gloorx Vloq.
112073 | Pan      | Noticed Gloorx Vloq
112081 | Pan      | Killed Gloorx Vloq
112128 | Pan      | Got a dark rune of Zot
112297 | Pan      | Entered the realm of Mnoleg.
112307 | Pan      | Noticed Mnoleg
112310 | Pan      | Identified the cursed +0 large shield of Yredelemnul's
                  | Favour {Str+2}
112318 | Pan      | Killed Mnoleg
112513 | Pan      | Got a glowing rune of Zot
112534 | Pan      | Identified the cursed -5 large shield of the Special Ships
                  | {MR+ Int+4}
112582 | Pan      | Found an exit through the horrors of the Abyss.
112598 | Pan      | Took an exit into the Abyss.
112598 | Abyss:1  | Escaped into the Abyss
112626 | Depths:2 | Escaped the Abyss
113022 | Pan      | Entered Pandemonium
113180 | Pan      | Found an exit through the horrors of the Abyss.
113383 | Pan      | Noticed Efachiji the pandemonium lord
113391 | Pan      | Killed Efachiji the pandemonium lord
113733 | Pan      | Took an exit into the Abyss.
113733 | Abyss:1  | Escaped into the Abyss
113777 | Abyss:2  | Found a shimmering altar of Xom.
113777 | Abyss:2  | Found a shimmering altar of Xom.
113777 | Abyss:2  | Found a shimmering altar of Xom.
113777 | Abyss:2  | Found a shimmering altar of Xom.
113777 | Abyss:2  | Found a shimmering altar of Xom.
113777 | Abyss:2  | Found a corrupted altar of Lugonu.
113777 | Abyss:2  | Found a shimmering altar of Xom.
113777 | Abyss:2  | Found a shimmering altar of Xom.
113777 | Abyss:2  | Found a shimmering altar of Xom.
113777 | Abyss:2  | Found a shimmering altar of Xom.
113777 | Abyss:2  | Found a shimmering altar of Xom.
113777 | Abyss:2  | Found a shimmering altar of Xom.
113777 | Abyss:2  | Found a shimmering altar of Xom.
113777 | Abyss:2  | Found a shimmering altar of Xom.
113777 | Abyss:2  | Found a shimmering altar of Xom.
114144 | Abyss:3  | Gained mutation: You are clumsy. (Dex -2) [a neqoxec]
114277 | Depths:2 | Escaped the Abyss
114288 | Pan      | Entered Pandemonium
114515 | Pan      | Noticed Suityixu the pandemonium lord
114523 | Pan      | Killed Suityixu the pandemonium lord
114742 | Pan      | Found an exit through the horrors of the Abyss.
114803 | Depths:2 | Escaped Pandemonium
114812 | Pan      | Entered Pandemonium
115116 | Pan      | Noticed Tasusidez the pandemonium lord
115132 | Pan      | Killed Tasusidez the pandemonium lord
115218 | Pan      | Found an exit through the horrors of the Abyss.
115308 | Pan      | Got a pair of crude boots
115309 | Pan      | Identified the +0 pair of boots of Hedge Wizardry {+Inv rC-
                  | Regen+ SInv} (You acquired it in Pandemonium)
115490 | Pan      | Took an exit into the Abyss.
115490 | Abyss:1  | Escaped into the Abyss
115596 | Abyss:1  | Noticed an ancient lich
115608 | Abyss:1  | Killed an ancient lich
115634 | Depths:2 | Escaped the Abyss
115645 | Pan      | Entered Pandemonium
115674 | Pan      | Gained mutation: Your magical capacity is low. (-10% MP) [a
                  | neqoxec]
115780 | Pan      | Found a huge runed translucent gate.
115781 | Pan      | Found a huge runed translucent gate.
115782 | Pan      | Found a huge runed translucent gate.
115782 | Pan      | Found a huge runed translucent gate.
115782 | Pan      | Found a huge runed translucent gate.
115782 | Pan      | Found a huge runed translucent gate.
115782 | Pan      | Found a huge runed translucent gate.
116692 | Pan      | Noticed Xeibeiw the pandemonium lord
116709 | Pan      | Paralysed by Xeibeiw for 6 turns
116715 | Pan      | Killed Xeibeiw the pandemonium lord
116761 | Depths:2 | Escaped Pandemonium
116767 | Pan      | Entered Pandemonium
116934 | Pan      | Noticed Oninwuve the pandemonium lord
116952 | Pan      | Killed Oninwuve the pandemonium lord
117046 | Pan      | Noticed Ignacio
117053 | Pan      | Killed Ignacio
117334 | Pan      | Noticed Waubrut the pandemonium lord
117348 | Pan      | Killed Waubrut the pandemonium lord
117612 | Pan      | Found an exit through the horrors of the Abyss.
117893 | Pan      | Took an exit into the Abyss.
117893 | Abyss:1  | Escaped into the Abyss
117966 | Depths:2 | Escaped the Abyss
117975 | Pan      | Entered Pandemonium
118138 | Pan      | Found an exit through the horrors of the Abyss.
118360 | Pan      | Noticed Laujo the pandemonium lord
118601 | Pan      | Learned a level 5 spell: Aura of Abjuration
118797 | Pan      | Killed Laujo the pandemonium lord
118979 | Pan      | Took an exit into the Abyss.
118979 | Abyss:1  | Escaped into the Abyss
118998 | Depths:2 | Escaped the Abyss
119052 | Pan      | Entered Pandemonium
119058 | Pan      | Found an exit through the horrors of the Abyss.
119172 | Pan      | Noticed Haggoor the pandemonium lord
119173 | Pan      | Gained mutation: Your magical capacity is very low. (-20%
                  | MP) [a neqoxec]
119195 | Pan      | Killed Haggoor the pandemonium lord
119410 | Depths:2 | Escaped Pandemonium
119415 | Pan      | Entered Pandemonium
119557 | Pan      | Noticed Xufutumok the pandemonium lord
119560 | Pan      | Killed Xufutumok the pandemonium lord
119564 | Pan      | Got a demonic rune of Zot
119585 | Pan      | Identified the +7 trident of Meich {freeze, *Contam rC+++
                  | Int-4 Dex+4} (You found it in Pandemonium)
120005 | Pan      | Found an exit through the horrors of the Abyss.
120018 | Pan      | Took an exit into the Abyss.
120018 | Abyss:1  | Escaped into the Abyss
120057 | Depths:2 | Escaped the Abyss
120743 | Temple   | Fell from the grace of the Shining One
120743 | Temple   | Became a worshipper of Zin the Law-Giver
120928 | D:13     | Donated 2030 gold pieces to Zin
121228 | Tar:1    | Entered Level 1 of Tartarus
121263 | Tar:1    | Lost mutation: Your magical capacity is very low. (-20% MP)
                  | [potion of mutation]
121263 | Tar:1    | Lost mutation: Your magical capacity is low. (-10% MP)
                  | [potion of mutation]
121611 | D:8      | Fell from the grace of Zin
121611 | D:8      | Became a worshipper of the Shining One
123182 | Tar:6    | Reached skill level 1 in Maces & Flails
123753 | Tar:7    | Entered Level 7 of Tartarus
123776 | Tar:7    | Reached skill level 5 in Maces & Flails
123943 | Tar:7    | Got a scorched gossamer ring
123944 | Tar:7    | Identified the ring "Figacoto" {Str+2 Int+2} (You found it
                  | on level 7 of Tartarus)
123996 | Tar:7    | Noticed an ancient lich
123997 | Tar:7    | Killed an ancient lich
124277 | Tar:7    | Identified the +1 crystal plate armour "Dittied" {Str+2}
                  | (You found it on level 7 of Tartarus)
124581 | Tar:7    | Identified the Catalogue of Poison and Lightness
124584 | Tar:7    | Identified the +0 cloak of the Gusle {rCorr} (You found it
                  | on level 7 of Tartarus)
124586 | Tar:7    | Got a translucent ivory ring
124587 | Tar:7    | Identified the ring "Ubbi" {*Tele Int+3} (You found it on
                  | level 7 of Tartarus)
124707 | Tar:7    | Noticed the Serpent of Hell
124716 | Tar:7    | Noticed an ancient lich
124719 | Tar:7    | Noticed an ancient lich
124723 | Tar:7    | Killed an ancient lich
124725 | Tar:7    | Killed the Serpent of Hell
124731 | Tar:7    | Killed an ancient lich
124854 | Tar:7    | Noticed Ereshkigal
124860 | Tar:7    | Killed Ereshkigal
124900 | Tar:7    | Got a bone rune of Zot
125344 | Coc:1    | Entered Level 1 of Cocytus
125818 | Coc:7    | Entered Level 7 of Cocytus
126079 | Coc:7    | Identified the +0 large shield of Existentialism {MR- Dex+4
                  | SInv}
126213 | Coc:7    | Identified the ring of Quyreowa {rF+ MR+ Str+2 Dex-4
                  | Stlth-}
126213 | Coc:7    | Noticed Antaeus
126227 | Coc:7    | Killed Antaeus
126261 | Coc:7    | Got an icy rune of Zot
127001 | Tomb:1   | Entered Level 1 of the Tomb of the Ancients
127114 | Tomb:1   | Reached skill level 15 in Spellcasting
127450 | Tomb:1   | Noticed a greater mummy
127461 | Tomb:1   | Killed a greater mummy
127686 | Tomb:1   | Noticed a greater mummy
127691 | Tomb:1   | Killed a greater mummy
127926 | Tomb:1   | Noticed a greater mummy
127928 | Tomb:1   | Killed a greater mummy
128084 | Tomb:1   | Noticed a greater mummy
128089 | Tomb:1   | Killed a greater mummy
128135 | Tomb:2   | Noticed a greater mummy
128138 | Tomb:2   | Noticed a greater mummy
128141 | Tomb:2   | Noticed a greater mummy
128141 | Tomb:2   | Noticed an ancient lich
128155 | Tomb:2   | Killed a greater mummy
128162 | Tomb:2   | Killed an ancient lich
128164 | Tomb:2   | Killed a greater mummy
128174 | Tomb:2   | Killed a greater mummy
128295 | Tomb:2   | Learned a level 5 spell: Summon Mana Viper
128703 | Tomb:3   | Entered Level 3 of the Tomb of the Ancients
128748 | Tomb:3   | Got a transparent tin ring
128794 | Tomb:3   | Noticed a greater mummy
128801 | Tomb:3   | Killed a greater mummy
128804 | Tomb:3   | Noticed an ancient lich
128810 | Tomb:3   | Killed an ancient lich
128817 | Tomb:3   | Noticed a greater mummy
128819 | Tomb:3   | Killed a greater mummy
128833 | Tomb:3   | Noticed a greater mummy
128836 | Tomb:3   | Killed a greater mummy
128838 | Tomb:3   | Noticed a greater mummy
128841 | Tomb:3   | Killed a greater mummy
128927 | Tomb:3   | Got a golden rune of Zot
128935 | Tomb:3   | Noticed a greater mummy
128935 | Tomb:3   | Noticed a greater mummy
128947 | Tomb:3   | Killed a greater mummy
128949 | Tomb:3   | Killed a greater mummy
128953 | Tomb:3   | Noticed an ancient lich
129135 | Tomb:3   | Identified the +8 triple crossbow of Wiehou {velocity, rF+
                  | rN+ Dex+2} (You found it on level 3 of the Tomb of the
                  | Ancients)
129170 | Tomb:3   | Killed an ancient lich
129366 | Tomb:3   | Identified the Disquisition on Boosts
129478 | Tomb:3   | Got a faintly glowing silver ring
129479 | Tomb:3   | Identified the ring "Usaucic" {*Slow rElec Dex+6 Stlth-}
                  | (You found it on level 3 of the Tomb of the Ancients)
129481 | Tomb:3   | Identified the ring of Wisdom {rF+ MR- Int+3} (You found it
                  | on level 3 of the Tomb of the Ancients)
130494 | Zot:5    | Entered Level 5 of the Realm of Zot
131156 | Zot:5    | Noticed an ancient lich
131159 | Zot:5    | Noticed an orb of fire
131189 | Zot:5    | Killed an orb of fire
131279 | Zot:5    | Noticed an ancient lich
131283 | Zot:5    | Killed an ancient lich
131390 | Zot:5    | Killed an ancient lich
131441 | Zot:5    | Noticed an orb of fire
131444 | Zot:5    | Noticed an orb of fire
131446 | Zot:5    | Gained mutation: You are partially covered in thin metallic
                  | scales. (AC +2) [an orb of fire]
131447 | Zot:5    | Gained mutation: You are very clumsy. (Dex -4) [an orb of
                  | fire]
131447 | Zot:5    | Gained mutation: Scrolls take you a little longer to read.
                  | [an orb of fire]
131466 | Zot:5    | Killed an orb of fire
131467 | Zot:5    | Gained mutation: Your body sometimes deteriorates upon
                  | taking damage. [an orb of fire]
131478 | Zot:5    | Killed an orb of fire
132403 | Zot:5    | Lost mutation: Your body sometimes deteriorates upon taking
                  | damage. [potion of mutation]
132403 | Zot:5    | Lost mutation: You are very clumsy. (Dex -4) [potion of
                  | mutation]
132403 | Zot:5    | Lost mutation: You are partially covered in iridescent
                  | scales. (AC +2) [potion of mutation]
132403 | Zot:5    | Gained mutation: You are somewhat resistant to further
                  | mutation. [potion of mutation]
132406 | Zot:5    | Lost mutation: You are somewhat resistant to further
                  | mutation. [potion of mutation]
132406 | Zot:5    | Lost mutation: You are clumsy. (Dex -2) [potion of
                  | mutation]
132406 | Zot:5    | Lost mutation: Scrolls take you a little longer to read.
                  | [potion of mutation]
132406 | Zot:5    | Gained mutation: You are clumsy. (Dex -2) [potion of
                  | mutation]
132406 | Zot:5    | Gained mutation: Your mind is acute. (Int +2) [potion of
                  | mutation]
132406 | Zot:5    | Gained mutation: Your spells are a little harder to cast,
                  | but a little more powerful. [potion of mutation]
132482 | Zot:5    | Noticed an ancient lich
132506 | Zot:5    | Killed an ancient lich
132732 | Zot:5    | Noticed an orb of fire
132738 | Zot:5    | Killed an orb of fire
132828 | Zot:5    | Got the Orb of Zot
132855 | Zot:5    | Noticed Ariov the pandemonium lord
133072 | Depths:4 | Gained mutation: Scrolls take you a little longer to read.
                  | [a neqoxec]
133095 | Depths:3 | Lost mutation: Your mind is acute. (Int +2) [potion of
                  | mutation]
133095 | Depths:3 | Lost mutation: You are clumsy. (Dex -2) [potion of
                  | mutation]
133095 | Depths:3 | Lost mutation: You are partially covered in thin metallic
                  | scales. (AC +2) [potion of mutation]
133095 | Depths:3 | Lost mutation: Scrolls take you a little longer to read.
                  | [potion of mutation]
133095 | Depths:3 | Gained mutation: You are robust. (+10% HP) [potion of
                  | mutation]
133095 | Depths:3 | Gained mutation: You are dopey. (Int -2) [potion of
                  | mutation]
133095 | Depths:3 | Gained mutation: Your spells are harder to cast, but more
                  | powerful. [potion of mutation]
133553 | D:1      | GREAT WIN, GOOD GEAR, 2 PIPS OF MR WITH TSO WAS OK
133559 | D:$      | Escaped with the Orb!

Levels and vault maps discovered:
D:1:      co_arrival_random_square_maze, layout_loops_ring, minmay_pentomino_u4
D:2:      layout_basic, nicolae_overflow_crystal_walls,
          kennysheep_generic_room_15, uniq_robin, uniq_natasha
D:3:      layout_basic, lemuel_round_altar
D:4:      layout_loops_ring, first_ration, tgw_trog
D:5:      layout_cave_pools, brannock_xom_greatest_gift,
          minmay_temple_entry_junction_2, serial_shops, shop
D:6:      layout_loops_ring, lemuel_round_altar, nicolae_ossuary_entry_plus,
          uniq_crazy_yiuf_cottage
D:7:      lemuel_bear_cage, layout_basic, serial_shops, nicolae_shop_waterfront,
          serial_bayou_pond_d, corexii_item_surrounded_by_moat
D:8:      layout_cave_pools, lemuel_round_altar, nicolae_tso_swordbearing_angel,
          nicolae_ru_path_of_blood, uniq_maurice
D:9:      layout_loops_ring, nicolae_overflow_hidden_temple, lemuel_round_altar,
          uniq_pikel
D:10:     layout_loops_corners, grunt_lair_entry_orc_guard_hut, david_nohive_1,
          chequers_avenue, minmay_misc_feat_diagonals
D:11:     layout_roguey
D:12:     layout_cave_pools, david_orc_5, serial_undead, serial_undead_a,
          serial_undead_e, serial_undead_c, serial_undead_e, serial_undead_d,
          serial_undead_a, serial_undead_b, minivault_15,
          hangedman_abyss_or_decor_passed, uniq_rupert
D:13:     layout_cave_pools, grunt_vaults_entry_fortified, serial_shops, shop,
          gammafunk_ghost_wrathful_warriors
D:14:     layout_roguey, basic_altar, uniq_louise, uniq_frances
D:15:     grunt_enter_depths_snipers, layout_cave_pools, grunt_decor_arrowhead,
          serial_shops, shop, minmay_misc_feat_chi, minivault_25_ag,
          minmay_protected_statue, uniq_azrael
Temple:   nicolae_temple_x_marks_the_god
Lair:1:   layout_hall_layers, lemuel_old_faithful
Lair:2:   layout_roguey, minmay_shoals_entry_centaurs, gauntlet_entry_generic,
          uniq_fannar
Lair:3:   layout_loops_ring, serial_bayou_shore_a, uniq_gastronok
Lair:4:   layout_loops_ring, minmay_snake_entry_guardpost_small
Lair:5:   layout_loops_ring, slime_altar_2, nicolae_volcano_entry_two_sided,
          serial_bayou_lake_a, uniq_snorg
Lair:6:   hangedman_lair_in_review, layout_cave_pods, wormcave, special_room
          [special_room_bee], lookout_lair_type, fungi_pond_lemuel
Shoals:1: layout_shoals, uniq_josephine, uniq_nikola
Shoals:2: layout_shoals, serial_shops, nicolae_shop_window_shopping,
          nicolae_shop_behind_doors, nicolae_shop_crystal,
          nicolae_shop_statue_plus
Shoals:3: layout_shoals, ebering_ghost_xom
Shoals:4: shoals_end_grunt_ice, layout_shoals, shoals_ilsuiw_alternative
Snake:1:  layout_basic
Snake:2:  layout_grid_shapes, serial_shops, nicolae_shop_behind_doors,
          minmay_snake_pond
Snake:3:  layout_cave_pods
Snake:4:  johnstein_snake_rune_scales, layout_basic, basic_altar,
          minmay_shoptagon
Slime:1:  layout_caves, cheibrodos_slime_lost_civilization_7
Slime:2:  layout_caves, uniq_dissolution
Slime:3:  layout_caves
Slime:4:  layout_caves, nicolae_slime_round_cave
Slime:5
Orc:1:    layout_caves, serial_shops, shop
Orc:2:    grunt_orc_gardens, layout_caves, grunt_orc_garden, grunt_orc_garden,
          grunt_orc_garden, grunt_orc_garden, serial_shops, shop, basic_altar,
          nicolae_orc_pool_cavern
Elf:1:    layout_onion_city, hangedman_elf_disciples, uniq_asterion
Elf:2:    layout_geoelf_octagon, serial_shops, shop
Elf:3:    minmay_elf_hall_not_hex, layout_onion_city, serial_shops,
          nicolae_shop_stone
Vaults:1: hangedman_vaults_corner, hangedman_vaults_stagger, v_pattern_3,
          nicolae_vaults_little_squares_1, nicolae_vaults_little_squares_1,
          nicolae_vaults_little_squares_5, vaults_mumra_hex,
          vaults_standard_mumra_enter_the_diamond, v_misc_30,
          ontoclasm_vaults_loading_screen, layout_vaults_maze_snakey
Vaults:2: vaults_mumra_chevron, ontoclasm_vaults_pinch, grunt_vaults_trifunnel,
          v_alt_pattern_2, vaults_room_pools, ontoclasm_vaults_hangar,
          v_misc_13, nicolae_vaults_little_squares_6, v_misc_14,
          vaults_dpeg_encased_lava, v_misc_16, vaults_mumra_lcd,
          grunt_vaults_twisty, ontoclasm_vaults_chip, layout_vaults_ring
Vaults:3: minmay_crypt_entry_simple_corners, v_misc_23, vaults_room_pool,
          ontoclasm_vaults_tryst, v_misc_9, ontoclasm_vaults_ring_square,
          layout_vaults_chaotic_city
Vaults:4: dpeg_vaults_monster_box, nicolae_vaults_alarming, v_alt_pattern_6,
          nicolae_vaults_little_squares_1, nicolae_vaults_network_barrier,
          v_pattern_5, vaults_dpeg_hooks, layout_vaults_quadrants, serial_shops,
          shop
Vaults:5: uniq_sojobo, uniq_mennas
Crypt:1:  layout_chaotic_city, basic_altar
Crypt:2:  layout_chaotic_city, basic_altar, serial_sigils_hangedman_leer
Crypt:3:  grunt_crypt_end_deaths_head
Tomb:1
Tomb:2
Tomb:3
Depths:1: layout_roguey, hell_entry, serial_shops, nicolae_shop_window_shopping,
          abyss_entry, chequers_serial_rivers_micro_d, grunt_tower_of_power
Depths:2: minmay_tile_spiral, layout_gridlike, enter_ziggurat_c, serial_shops,
          bzr_in_the_mist, rand_demon_pan_entry_8, hangedman_abyss_entry_splay,
          grunt_hell_entry_dis_old
Depths:3: radiant_caverns_b_rkd, pan_entry, hell_entry
Depths:4: minmay_angry_zag, layout_long_grid, abyss_entry, grunt_mini_vestibule,
          nrook_uturn, kennysheep_random_hallway, grunt_megastairs_2,
          minmay_staircase_statues_hall_small, serial_bayou_shore_b,
          uniq_enchantress, uniq_xtahua
Depths:5: grunt_zot_entry_gee_three, layout_cave_shapes, hell_entry,
          serial_co_window_serial, co_window_paths_a, co_window_corner_a,
          co_window_paths_a, co_window_paths_b, co_window_paths_a,
          co_window_corner_b, co_window_of_opportunity_b,
          co_window_unsneaky_path_b, co_window_paths_e, co_window_4corner_b,
          glass_columns_a, statue_in_the_mist_lemuel
Hell
Dis:1:    layout_jigsaw
Dis:2:    layout_chaotic_city, hangedman_player_shredder
Dis:3:    layout_subdivisions, grunt_megastairs_1
Dis:4:    layout_gridville, grunt_dis_stairs_iron_hall
Dis:5:    layout_subdivisions, door_vault
Dis:6:    layout_jigsaw
Dis:7:    dis_grunt_layers
Geh:1:    minmay_firetagon, layout_gehenna_pools_triple, door_vault
Geh:2:    layout_gehenna_pools_triple
Geh:3:    layout_gehenna_lava_caves, lemuel_elevator
Geh:4:    grunt_deathspiral_small, layout_gehenna_pools_basic
Geh:5:    layout_gehenna_pools_basic
Geh:6:    layout_gehenna_lava_caves
Geh:7:    geh_mu
Coc:1:    layout_cocytus_water_paths
Coc:2:    layout_ice_bergs
Coc:3:    layout_cocytus_water_paths
Coc:4:    layout_cocytus_water_paths
Coc:5:    layout_ice_bergs
Coc:6:    layout_cocytus_water_paths
Coc:7:    coc_grunt_cove [coc_grunt_cove_antaeus, coc_grunt_cove_fiend,
          coc_grunt_cove_fiend, coc_grunt_cove_fiend, coc_grunt_cove_fiend]
Tar:1:    layout_honeycomb, nicolae_tar_cuneiform_heaven
Tar:2:    layout_grid_maze, nicolae_tar_cuneiform_water,
          nicolae_tar_cuneiform_three
Tar:3:    layout_cathedral_of_symmetry, lemuel_elevator
Tar:4:    layout_cathedral_of_symmetry, hangedman_snap_crack_crunch
Tar:5:    layout_grid_maze
Tar:6:    layout_honeycomb, nicolae_tar_cuneiform_oil, lemuel_elevator
Tar:7:    tar_old
Zot:1:    layout_onion_interference, grunt_ministairs_6, st_small_dragon_hoard_4
Zot:2:    layout_gridlike, zot_minivault_5, grunt_megastairs_3
Zot:3:    layout_twisted_circle
Zot:4:    layout_misc_corridors
Zot:5:    layout_misc_corridors

Skill      XL: |  1  2  3  4  5  6  7  8  9 10 11 12 13 14 15 16 17 18 19 20 21 22 23 24 25 26 27 |
---------------+----------------------------------------------------------------------------------+-----
Axes           | 4 5 6 7 8 9 11 12 13 14 15 16 17 19 20 21 22 23 24 25 26 | 26.8
Fighting       | 4 5 6 7 8 9 10 11 13 14 15 17 18 19 20 21 22 23 24 25 26 | 26.8
Armour         | 3 4 6 7 8 9 10 12 13 14 16 17 26 | 26.8
Crossbows      | 3 5 8 9 11 12 14 15 17 18 19 20 22 24 25 26 | 26.9
Evocations     | 2 3 4 6 8 9 |  9.9
Dodging        | 6 8 9 10 11 12 13 14 15 17 26 | 26.8
Invocations    | 26 | 26.9
Translocations | 7 |  7.7
Hexes          | 14 | 14.2
Spellcasting   | 19 | 19.9
Air Magic      | 7 |  7.7
Summonings     | 14 | 14.2
Charms         | 4 |  4.2
Maces & Flails | 6 |  6.0

Action                   |  1- 3 |  4- 6 |  7- 9 | 10-12 | 13-15 | 16-18 | 19-21 | 22-24 | 25-27 || total
-------------------------+-------+-------+-------+-------+-------+-------+-------+-------+-------++-------
Melee: Hand axe          |    85 |    67 |   302 |   252 |       |       |       |       |       ||   706
       Headbutt          |    12 |    21 |    96 |    75 |    98 |   139 |   136 |   121 |  1111 ||  1809
       Dagger            |       |     5 |     3 |       |       |       |       |       |       ||     8
       War axe           |       |       |    19 |       |       |       |       |       |       ||    19
       Broad axe         |       |       |       |    48 |   311 |     2 |       |       |       ||   361
       Arbalest          |       |       |       |       |     2 |     1 |       |       |       ||     3
       Battleaxe         |       |       |       |       |       |   512 |   455 |   348 |   332 ||  1647
       Executioner's axe |       |       |       |       |       |       |       |    55 |  3536 ||  3591
       Great mace        |       |       |       |       |       |       |       |       |   242 ||   242
 Fire: Hunting sling     |       |    74 |    23 |       |       |       |       |       |       ||    97
       Hand crossbow     |       |       |    41 |    32 |       |       |       |   345 |    37 ||   455
       Arbalest          |       |       |       |    79 |   731 |   719 |   886 |   431 |    38 ||  2884
       Triple crossbow   |       |       |       |       |     5 |    36 |     1 |       |  2881 ||  2923
Throw: Stone             |    14 |     8 |       |       |       |       |       |       |       ||    22
       Dart              |       |    22 |    10 |    10 |     6 |     1 |     1 |     3 |     5 ||    58
       Boomerang         |       |       |     6 |     6 |       |       |       |       |       ||    12
       Throwing net      |       |       |       |       |       |     2 |       |       |     1 ||     3
 Cast: Apportation       |       |       |       |       |       |       |       |       |   237 ||   237
       Portal Projectile |       |       |       |       |       |       |       |       |    99 ||    99
       Blink             |       |       |       |       |       |       |       |       |    63 ||    63
       Summon Lightning  |       |       |       |       |       |       |       |       |    15 ||    15
       Summon Butterflie |       |       |       |       |       |       |       |       |     4 ||     4
       Shroud of Golubri |       |       |       |       |       |       |       |       |     2 ||     2
       Tukima's Dance    |       |       |       |       |       |       |       |       |     1 ||     1
       Aura of Abjuratio |       |       |       |       |       |       |       |       |     1 ||     1
       Song of Slaying   |       |       |       |       |       |       |       |       |     1 ||     1
Invok: Berserk           |     2 |     1 |     2 |     7 |    14 |     3 |     2 |     5 |     2 ||    38
       Trog's Hand       |       |       |       |     2 |     6 |     7 |    16 |     9 |     1 ||    41
       Brothers in Arms  |       |       |       |       |     2 |     3 |     2 |     7 |     5 ||    19
       Summon Divine War |       |       |       |       |       |       |       |       |    68 ||    68
       Cleansing Flame   |       |       |       |       |       |       |       |       |    64 ||    64
       Divine Shield     |       |       |       |       |       |       |       |       |    35 ||    35
       Donate Gold       |       |       |       |       |       |       |       |       |     2 ||     2
       Brand Weapon With |       |       |       |       |       |       |       |       |     1 ||     1
 Abil: Evoke Invisibilit |       |       |       |       |       |    12 |    15 |     8 |     7 ||    42
       Evoke Flight      |       |       |       |       |       |       |       |     2 |       ||     2
Evoke: Wand              |       |       |     6 |     1 |     2 |    16 |       |     4 |    16 ||    45
       Lamp of fire      |       |       |       |       |       |     1 |     3 |     3 |       ||     7
  Use: Scroll            |     5 |     3 |     7 |    14 |    10 |    10 |     7 |    16 |    96 ||   168
       Potion            |       |       |       |     2 |     2 |     2 |     1 |     5 |    41 ||    53
 Stab: Sleeping          |     2 |     2 |       |       |       |       |       |       |       ||     4
       Paralysed         |       |       |     3 |       |       |       |       |       |       ||     3
       Invisible         |       |       |       |     4 |       |    24 |    21 |     5 |    27 ||    81
       Distracted        |       |       |       |     2 |       |       |       |     2 |     2 ||     6
  Eat: Chunk             |     3 |     9 |    12 |    11 |    44 |    28 |    39 |    20 |    74 ||   240
       Ration            |       |       |     1 |     6 |     4 |     9 |     4 |    10 |    47 ||    81
Armor: Animal skin       |    35 |    10 |       |       |       |       |       |       |       ||    45
       Leather armour    |       |    13 |       |       |       |       |       |       |       ||    13
       Scale mail        |       |     5 |    90 |       |       |       |       |       |       ||    95
       Chain mail        |       |       |    25 |     9 |       |       |       |       |       ||    34
       Plate armour      |       |       |       |   135 |   327 |   504 |   411 |   168 |       ||  1545
       Ice dragon scales |       |       |       |       |       |       |       |   242 |    49 ||   291
       Gold dragon scale |       |       |       |       |       |       |       |       |  3268 ||  3268
Dodge: Dodged            |    66 |    52 |   139 |   131 |   394 |   735 |   561 |   571 |  4005 ||  6654
Block: Other             |       |       |       |       |       |       |       |       |   188 ||   188
